Cogmind - Beta 9.3 @@@ ROGUE MODE // 2019.12.15 @ 13:27:24 // Winter2019/RPGLIKE Player: Terminus Result: Core destroyed Performance ------------- Evolutions (9) 4500 Regions Visited (43) 8600 Robots Destroyed (987) 4935 Value Destroyed (52613) 52613 Prototype IDs (86) 1720 Alien Tech Used (8) 1600 Bonus (62502) 62502 TOTAL SCORE: 136470 Bonus ------- High Alert Combat Kills 9732 Follower Combat Kills 1175 Network Hubs Disabled 600 Met Data Miner 300 Met Imprinter 300 Met Warlord at Base 500 MAIN.C Attacked Warlord 500 Warlord Defense Kill 4826 Built Enhanced Grunts 300 Met R17 at Research 2000 Met Warlord at Research 2000 Met Sigix 2000 Destroyed MAIN.C Guards 500 Met MAIN.C 5000 Destroyed MAIN.C Shell 5000 Destroyed MAIN.C 10000 Met Architect 300 Started Test 138-B 500 Destroyed A8 300 Destroyed A6 400 Destroyed A5 500 Destroyed A4 700 Destroyed A3 800 Destroyed A2 1000 Destroyed Architect 15000 Friendly Fire -1731 Cogmind --------- Core Integrity 0/1400 Matter 1295/1300 Energy 2312/2380 System Corruption 10% Temperature Cool (72) Movement Flying (6) Location -1/Access_0 Parts ------- > --- POWER (2) -------- Zero-point Reactor Zero-point Reactor > --- PROPULSION (4) --- Cooled Q-thruster Cooled Q-thruster Cooled Q-thruster Cooled Q-thruster > --- UTILITY (15) ----- Desublimator Experimental Power Amplifier Experimental Energy Well Experimental Energy Well Experimental Matter Compressor Experimental Matter Compressor Experimental Signal Interpreter Experimental Targeting Computer Experimental Targeting Computer Experimental Target Analyzer Experimental Armor Integrity Analyzer Experimental Weapon Cycler Advanced Reaction Control System Experimental Phase Shifter > --- WEAPON (5) ------- Hypervelocity Railgun Hypervelocity Multirail Hypervelocity Multirail Plasma Lance > --- INVENTORY (6) ---- Protomatter-87 AEGIS Remote Shield AEGIS Remote Shield Hypervelocity Railgun Sigix Containment Pod Peak State ------------ > --- POWER ------------ Zero-point Reactor Zero-point Reactor > --- PROPULSION ------- Cooled Q-thruster Cooled Q-thruster Cooled Q-thruster Cooled Q-thruster > --- UTILITY ---------- Desublimator Experimental Power Amplifier Experimental Energy Well Experimental Energy Well Experimental Matter Compressor Experimental Matter Compressor Experimental Signal Interpreter Experimental Targeting Computer Experimental Targeting Computer Experimental Target Analyzer Experimental Armor Integrity Analyzer Experimental Weapon Cycler Advanced Reaction Control System Experimental Phase Shifter AEGIS Remote Shield > --- WEAPON ----------- Hypervelocity Railgun Hypervelocity Railgun Hypervelocity Multirail Hypervelocity Multirail > --- INVENTORY -------- Protomatter Experimental Matter Compressor AEGIS Remote Shield Plasma Lance Sigix Containment Pod [Rating: 241] Favorites ----------- Power Micro Fission Core Engine Light Angular Momentum Engine Power Core Micro Fission Core Reactor Vortex Chain Reactor Propulsion Cooled Q-thruster Leg Aluminum Leg Flight Unit Cooled Q-thruster Utility Advanced Hacking Suite Device Improved Weapon Cycler Storage Experimental Matter Compressor Processor Experimental Targeting Computer Hackware Advanced Hacking Suite Weapon Hypervelocity Railgun Energy Gun Precision Beam Rifle Energy Cannon Cooled Plasma Cannon Ballistic Gun Hypervelocity Railgun Launcher Advanced EMP Blaster Special Weapon Remote Datajack Impact Weapon Core Stripper Slashing Weapon Chainsword Piercing Weapon Plasma Lance Build | -11 -10 -10 -10 -9 -8 -8 -7 -7 -7 -7 -7 -7 -7 -6 -6 -6 -6 -6 -6 -6 -5 -5 -5 -5 -5 -5 -5 -4 -4 -4 -4 -4 -4 -4 -4 -3 -3 -3 -2 -2 -1 -1 -1 ------- Run | Scr Mat Min Exi Min Mat Sto Fac Was Fac Low Low Zio Dee Pro Fac Was Fac Low Low Dat Pro Fac Was Fac Upp Upp War Pro Fac Was Fac Ext Cet Arc Hub Res Qua Sec Res Tes Acc Com Ac0 Slots Evolved 21 | 4 1 1 . 1 2 2 1 . 1 . 1 . . 1 1 . . . . . . 2 . . . . . . 1 . . . 1 . . . . . 1 . . . . Power 1 | . . . . . . . 1 . . . . . . . . . . . . . . . . . . . . . . . . . . . . . . . . . . . . Propulsion 3 | 1 . 1 . . . . . . . . . . . . . . . . . . . 1 . . . . . . . . . . . . . . . . . . . . . Utility 14 | 2 . . . 1 2 2 . . 1 . 1 . . . 1 . . . . . . 1 . . . . . . 1 . . . 1 . . . . . 1 . . . . Weapon 3 | 1 1 . . . . . . . . . . . . 1 . . . . . . . . . . . . . . . . . . . . . . . . . . . . . Parts Attached 296 | 5 8 1 . 3 32 17 12 5 11 . 3 6 3 6 11 2 5 . . . . 8 2 3 . . 11 . 11 . 5 . 1 5 2 6 16 16 14 15 5 15 31 Power 13 | 1 . . . 1 . . 1 4 1 . . . . . . . . . . . . . . . . . 1 . . . . . . 1 . . . . . . . 2 1 Engine 4 | 1 . . . 1 . . 1 1 . . . . . . . . . . . . . . . . . . . . . . . . . . . . . . . . . . . Core 4 | . . . . . . . . 3 1 . . . . . . . . . . . . . . . . . . . . . . . . . . . . . . . . . . Reactor 5 | . . . . . . . . . . . . . . . . . . . . . . . . . . . 1 . . . . . . 1 . . . . . . . 2 1 Propulsion 44 | 2 2 1 . . 7 5 . . 6 . . . . . . . . . . . . 4 . 1 . . 2 . 2 . . . . . . 2 1 . 5 2 . . 2 Treads . | . . . . . . . . . . . . . . . . . . . . . . . . . . . . . . . . . . . . . . . . . . . . Leg 2 | 2 . . . . . . . . . . . . . . . . . . . . . . . . . . . . . . . . . . . . . . . . . . . Wheel . | . . . . . . . . . . . . . . . . . . . . . . . . . . . . . . . . . . . . . . . . . . . . Hover . | . . . . . . . . . . . . . . . . . . . . . . . . . . . . . . . . . . . . . . . . . . . . Flight 42 | . 2 1 . . 7 5 . . 6 . . . . . . . . . . . . 4 . 1 . . 2 . 2 . . . . . . 2 1 . 5 2 . . 2 Utility 100 | . 4 . . 2 10 1 7 1 2 . . 2 1 2 4 . 1 . . . . 2 . 2 . . 8 . 3 . 3 . 1 4 . 2 6 8 5 6 3 7 3 Device 50 | . 4 . . 1 4 . 1 1 1 . . . 1 1 . . . . . . . . . . . . 6 . 1 . 1 . . 3 . 1 5 3 3 3 1 6 3 Storage 9 | . . . . . . . . . . . . . . . . . . . . . . . . . . . . . . . . . 1 1 . . 1 3 . . 2 1 . Processor 16 | . . . . . 4 . . . 1 . . . . 1 4 . 1 . . . . 1 . . . . 2 . . . . . . . . 1 . . . 1 . . . Hackware 25 | . . . . 1 2 1 6 . . . . 2 . . . . . . . . . 1 . 2 . . . . 2 . 2 . . . . . . 2 2 2 . . . Protection . | . . . . . . . . . . . . . . . . . . . . . . . . . . . . . . . . . . . . . . . . . . . . Artifact . | . . . . . . . . . . . . . . . . . . . . . . . . . . . . . . . . . . . . . . . . . . . . Weapon 139 | 2 2 . . . 15 11 4 . 2 . 3 4 2 4 7 2 4 . . . . 2 2 . . . . . 6 . 2 . . . 2 2 9 8 4 7 2 6 25 Energy Gun 23 | 1 2 . . . 13 4 . . . . . . . . 2 . . . . . . . . . . . . . . . . . . . . . . . . 1 . . . Energy Cannon 18 | . . . . . . 4 2 . 2 . 2 4 1 2 . 1 . . . . . . . . . . . . . . . . . . . . . . . . . . . Ballistic Gun 53 | 1 . . . . . . . . . . . . . 2 4 1 4 . . . . 1 1 . . . . . 3 . 2 . . . 1 1 5 4 2 3 1 3 14 Ballistic Cannon . | . . . . . . . . . . . . . . . . . . . . . . . . . . . . . . . . . . . . . . . . . . . . Launcher 7 | . . . . . 1 3 . . . . 1 . 1 . . . . . . . . . . . . . . . . . . . . . . . . . . . . 1 . Special Weapon 5 | . . . . . . . 2 . . . . . . . 1 . . . . . . 1 . . . . . . 1 . . . . . . . . . . . . . . Impact Weapon 1 | . . . . . . . . . . . . . . . . . . . . . . . . . . . . . . . . . . . . . 1 . . . . . . Slashing Weapon 1 | . . . . . 1 . . . . . . . . . . . . . . . . . . . . . . . . . . . . . . . . . . . . . . Piercing Weapon 31 | . . . . . . . . . . . . . . . . . . . . . . . 1 . . . . . 2 . . . . . 1 1 3 4 2 3 1 2 11 Special Melee Weapon . | . . . . . . . . . . . . . . . . . . . . . . . . . . . . . . . . . . . . . . . . . . . . Unidentified Prototypes 40 | . . . . . 5 7 . . 1 . . . 1 . . . . . . . . . . . . . 6 . . . . . . . . 1 3 4 3 4 . 3 2 Parts Lost 2 | . . . . . . . . . . . . . . . . . . . . . . . . . . . . . . . . . . . . . . 1 1 . . . . Power . | . . . . . . . . . . . . . . . . . . . . . . . . . . . . . . . . . . . . . . . . . . . . Propulsion 1 | . . . . . . . . . . . . . . . . . . . . . . . . . . . . . . . . . . . . . . . 1 . . . . Utility 1 | . . . . . . . . . . . . . . . . . . . . . . . . . . . . . . . . . . . . . . 1 . . . . . Weapon . | . . . . . . . . . . . . . . . . . . . . . . . . . . . . . . . . . . . . . . . . . . . . Highest Loss Streak 1 | . . . . . . . . . . . . . . . . . . . . . . . . . . . . . . . . . . . . . . 1 1 . . . . Average Slot Usage (%) 96 | . 84 97 100 100 98 95 92 95 99 100 97 98 100 99 99 100 100 100 100 100 100 99 100 100 100 100 95 95 94 95 94 95 95 95 95 94 94 94 95 95 95 98 99 Engine 1 | . 11 10 10 9 7 6 6 3 . . . . . . . . . . . . . . . . . . . . . . . . . . . . . . . . . . . Core 3 | . . . . . . . . 5 10 11 11 11 11 10 10 10 10 10 10 10 10 9 9 9 9 9 1 . . . . . . . . . . . . . . . . Reactor 2 | . . . . . . . . . . . . . . . . . . . . . . . . . . . 3 4 4 4 4 4 4 4 4 4 4 4 4 4 4 6 8 Flight 16 | . 13 24 30 28 24 20 18 18 17 17 16 16 16 15 15 15 15 15 15 15 15 14 18 18 18 18 18 18 17 17 17 17 16 16 16 15 15 16 16 16 16 16 15 Device 13 | . 20 31 30 28 19 13 12 12 16 11 11 11 11 10 10 10 10 10 10 10 10 9 9 9 9 9 8 9 8 8 8 8 8 11 8 7 10 11 14 15 17 22 23 Storage 2 | . . . . . . . . . . . . . . . . . . . . . . . . . . . . . . . . . . . 4 4 4 3 4 4 8 14 16 Processor 17 | . . . . . 5 13 12 12 11 17 16 16 16 16 15 20 20 20 20 20 20 22 22 22 22 22 22 22 21 21 21 21 20 20 20 20 20 20 20 20 20 20 20 Hackware 19 | . . . . 4 15 19 24 25 23 23 22 25 27 26 25 25 25 25 25 25 25 22 22 22 22 22 22 22 23 26 25 26 25 25 25 25 22 19 18 20 14 3 . Energy Gun 3 | . 19 31 30 28 24 16 12 12 5 . . . . . 1 . . . . . . . . . . . . . . . . . . . . . . . . . . . . Energy Cannon 2 | . . . . . . 3 6 6 10 17 15 15 15 15 5 . . . . . . . . . . . . . . . . . . . . . . . . . . . . Ballistic Gun 11 | . 8 . . . . . . . . . . . . . 12 20 20 20 20 20 20 18 17 18 18 18 18 18 17 17 17 17 16 16 15 15 15 15 15 12 12 13 14 Naked Turns . | . . . . . . . . . . . . . . . . . . . . . . . . . . . . . . . . . . . . . . . . . . . . Heaviest Build 99 | 8 12 12 12 16 21 25 25 25 37 37 37 37 37 35 38 35 39 39 39 39 39 39 40 39 39 39 64 64 64 64 65 65 70 70 70 70 83 72 71 71 78 94 99 Greatest Support 129 | 20 20 22 14 22 25 28 28 28 37 37 37 37 37 37 37 37 42 47 47 47 47 56 56 56 56 56 64 64 72 82 82 70 82 70 82 72 73 98 98 76 114 124 129 Greatest Overweight (x) 2 | 2 . . . . 1 . . . 1 . . . . 2 1 . . . . . . . . . . . . . . . . 2 . . . . 1 . 1 . . . . Average Overweight (x) . | . . . . . . . . . . . . . . . . . . . . . . . . . . . . . . . . . . . . . . . . . . . . Largest Inventory Capacity 6 | 1 2 3 3 3 4 4 4 4 4 4 4 4 4 4 4 4 4 4 4 4 4 4 4 4 4 4 4 4 4 4 4 4 4 4 4 4 6 6 6 6 6 6 6 Average Capacity 4 | 1 1 2 3 3 3 4 4 4 4 4 4 4 4 4 4 4 4 4 4 4 4 4 4 4 4 4 4 4 4 4 4 4 4 4 4 4 5 6 6 6 6 6 6 Most Carried 6 | . 2 2 1 2 4 4 4 4 4 4 4 4 4 4 4 4 4 4 4 4 4 4 4 4 4 4 4 4 4 4 4 4 4 4 4 4 6 6 6 6 6 6 6 Average Carried 4 | . 1 . 1 1 3 3 4 4 3 4 4 4 4 4 3 3 3 4 4 4 4 3 3 4 3 4 4 4 3 4 4 4 3 3 3 4 5 5 6 5 5 5 5 Final Capacity 6 | 1 2 3 3 3 4 4 4 4 4 4 4 4 4 4 4 4 4 4 4 4 4 4 4 4 4 4 4 4 4 4 4 4 4 4 4 4 6 6 6 6 6 6 6 Final Carried 6 | . 2 1 1 2 4 4 4 4 4 4 4 4 4 4 3 4 4 4 4 4 4 4 4 4 4 4 4 4 4 4 4 4 3 3 4 4 5 6 6 6 6 5 6 Class Distribution -------------------- 71% | Wizard-Scout 15% | Machinist-Scout 4% | Scavenger-Gunner Dominant Class ---------------- Mutant | -10/Materials Scavenger-Gunner | -10/Mines Scavenger-Gunner | -10/Exiles Scavenger-Gunner | -9/Mines Scavenger-Sprinter | -8/Materials Hacker-Scout | -8/Storage Wizard-Scout | -7/Factory Wizard-Scout | -7/Waste Wizard-Scout | -7/Factory Wizard-Scout | -7/Lower Caves Wizard-Scout | -7/Lower Caves Wizard-Scout | -7/Zion Wizard-Scout | -7/Deep Caves Wizard-Scout | -6/Proximity Caves Wizard-Scout | -6/Factory Wizard-Scout | -6/Waste Wizard-Scout | -6/Factory Wizard-Scout | -6/Lower Caves Wizard-Scout | -6/Lower Caves Wizard-Scout | -6/Data Miner Wizard-Scout | -5/Proximity Caves Wizard-Scout | -5/Factory Wizard-Scout | -5/Waste Wizard-Scout | -5/Factory Wizard-Scout | -5/Upper Caves Wizard-Scout | -5/Upper Caves Wizard-Scout | -5/Warlord Wizard-Scout | -4/Proximity Caves Wizard-Scout | -4/Factory Wizard-Scout | -4/Waste Wizard-Scout | -4/Factory Wizard-Scout | -4/Extension Wizard-Scout | -4/Cetus Wizard-Scout | -4/Archives Wizard-Scout | -4/Hub_04(d) Wizard-Scout | -3/Research Wizard-Scout | -3/Quarantine Wizard-Scout | -3/Section 7 Wizard-Scout | -2/Research Wizard-Scout | -2/Testing Wizard-Scout | -1/Access Machinist-Scout | -1/Command Machinist-Scout | -1/Access_0 Resources | -11 -10 -10 -10 -9 -8 -8 -7 -7 -7 -7 -7 -7 -7 -6 -6 -6 -6 -6 -6 -6 -5 -5 -5 -5 -5 -5 -5 -4 -4 -4 -4 -4 -4 -4 -4 -3 -3 -3 -2 -2 -1 -1 -1 ----------- Run | Scr Mat Min Exi Min Mat Sto Fac Was Fac Low Low Zio Dee Pro Fac Was Fac Low Low Dat Pro Fac Was Fac Upp Upp War Pro Fac Was Fac Ext Cet Arc Hub Res Qua Sec Res Tes Acc Com Ac0 Matter Collected 29324 | 250 127 10 . 30 364 196 115 60 67 98 59 70 66 86 464 180 290 384 504 . 744 1799 140 462 850 504 1028 120 1371 353 1423 1051 562 233 1300 1144 774 2192 2649 1272 1190 3478 1265 Remotely . | . . . . . . . . . . . . . . . . . . . . . . . . . . . . . . . . . . . . . . . . . . . . Salvage Created 54472 | . 565 158 . 431 1577 1149 374 77 524 409 440 634 308 475 1301 119 654 676 669 . 1581 2263 597 701 1004 697 2611 217 2703 754 2251 2231 641 233 2630 1782 950 2712 3757 1333 3056 5606 3622 Parts 3085 | . 51 13 . 15 108 59 15 5 17 6 31 53 21 34 77 3 33 28 19 26 51 125 12 37 44 34 120 14 151 35 123 117 51 38 127 106 70 165 236 115 170 233 297 Haulers Intercepted 46 | . 2 . . . 5 6 1 . 1 . . . . . 1 . . . . . . 4 . . . . . . 5 . 3 . . . 3 5 . 3 3 1 3 . . Recyclers Shooed 6 | . . . . . . . . . . . . . . . . . 1 . . . . 1 . . . . . . . . 1 1 . . . . . . . . 1 1 . Parts Field Recycled . | . . . . . . . . . . . . . . . . . . . . . . . . . . . . . . . . . . . . . . . . . . . . Retrieved Matter . | . . . . . . . . . . . . . . . . . . . . . . . . . . . . . . . . . . . . . . . . . . . . Parts Self-Destructed 404 | . . . . . . . . . . 7 23 . . 39 . . . 47 19 . 51 . . . 41 34 129 14 . . . . . . . . . . . . . . . Prevented 29 | . . . . . . . . . . 1 8 . . . . . . . . . . . . . . . 20 . . . . . . . . . . . . . . . . Kills | -11 -10 -10 -10 -9 -8 -8 -7 -7 -7 -7 -7 -7 -7 -6 -6 -6 -6 -6 -6 -6 -5 -5 -5 -5 -5 -5 -5 -4 -4 -4 -4 -4 -4 -4 -4 -3 -3 -3 -2 -2 -1 -1 -1 ------- Run | Scr Mat Min Exi Min Mat Sto Fac Was Fac Low Low Zio Dee Pro Fac Was Fac Low Low Dat Pro Fac Was Fac Upp Upp War Pro Fac Was Fac Ext Cet Arc Hub Res Qua Sec Res Tes Acc Com Ac0 Combat Hostiles Destroyed 714 | . 14 7 . 11 39 19 6 . 4 5 12 7 9 11 6 . 6 11 11 4 19 22 . 10 11 15 41 3 32 5 22 24 8 3 14 21 12 25 60 22 36 80 47 Melee 10 | . . . . . . . . . . . . . . . . . . . . . . . . . . . . . . . . . . . . . . 1 . . . 2 7 Guns 625 | . 14 7 . 10 32 14 1 . 1 . . . . . 2 . 6 11 11 4 19 22 . 10 11 15 41 3 32 5 22 24 8 3 12 21 11 24 60 21 36 73 39 Cannons 44 | . . . . . . 2 5 . 2 4 6 7 5 10 3 . . . . . . . . . . . . . . . . . . . . . . . . . . . . AOE 23 | . . . . . 6 3 . . . . 5 . 3 . . . . . . . . . . . . . . . . . . . . . 2 . . . . 1 . 3 . Classes Destroyed 33 | . 4 . . 1 4 1 . . . 2 3 2 2 1 2 . 2 . . . 1 . . . . . 2 . . 1 . . . . . . 2 1 1 . . . 1 Worker 36 | . . . . . . . . . . . . . . . 6 . . . . . . 5 . . . . . . 3 . 3 . . . 7 . . . 1 4 2 5 . Builder 27 | . . . . . 2 . . . . . . . . . 11 . . . . . . . . . . . . . 3 . . 1 . . 4 . . 2 . 2 2 . . Tunneler 2 | . . . . . . . . . . . . . . . 1 . . . . . . . . . . . . . . . . . . . . . . . . . 1 . . Hauler 46 | . 2 . . . 5 6 1 . 1 . . . . . 1 . . . . . . 4 . . . . . . 5 . 3 . . . 3 5 . 3 3 1 3 . . Recycler 27 | . . . . . . 4 . . . . . . . . 2 . . . . . . 3 . . . . . . 2 . 1 3 . . 4 1 . 2 . . 1 4 . Carrier 1 | . . . . . . . . . . . . . . . . . . . . . . . . . . . . . . . . . . . . . 1 . . . . . . Minesweeper 1 | . . . . . . . . . . . 1 . . . . . . . . . . . . . . . . . . . . . . . . . . . . . . . . Mechanic 1 | . . . . . . . . . . . . . . . . . 1 . . . . . . . . . . . . . . . . . . . . . . . . . . Operator 24 | . . . . . 1 1 1 . . . . . . . . . 1 . . . . 4 . . 1 . . . 1 . . 1 . 6 1 . . 3 3 . . . . Drone 1 | . . . . . . . . . . . . . . . . . . . . . . . . . . . . . . . . . . . . . . . . . . . 1 Watcher 70 | . 3 . . . 3 2 . . 4 . . . . 2 3 . . . . . . 6 . 1 . . . . 3 . 5 2 2 . 5 4 3 5 1 2 9 5 . Swarmer 110 | . 3 5 . . 16 3 . . . 1 3 . . 2 . . . 1 4 . 1 8 . . . 6 1 . 9 . . 4 . . . 4 . 6 5 5 12 11 . Grunt 240 | . 11 2 . 10 14 4 4 . 1 3 5 . . 2 3 . 2 10 4 . 12 7 . 3 6 6 19 2 10 . 12 16 . . 3 8 2 8 23 2 4 22 . Brawler 15 | . . . . . . . . . . . . . . 1 . . 1 . . . 2 . . 1 1 . 4 . 1 . . . . . . 1 . . 1 . . 2 . Duelist 7 | . . . . . . . . . . . 1 . . . . . . . . . . . . . 1 2 1 . . . . . . . . . . . . . . 2 . Protector 7 | . . . . . . . . . . . . . . . . . . . . . 1 . . . . . 6 . . . . . . . . . . . . . . . . Researcher 3 | . . . . . . . . . . . . . . . . . . . . . . . . . . . . . . . . . . . . . . 3 . . . . . Sentry 86 | . . . . 1 8 10 2 . 3 . 1 . . 4 2 . 1 . . . 1 6 . 3 2 1 . . 4 . 3 4 . 3 7 3 . 4 4 . 6 3 . Demolisher 8 | . . . . . . . . . . . . . . . . . . . . . . . . . . . 2 . . . . . . . . . . . 3 . . 3 . Specialist 4 | . . . . . . . . . . . . . . . . . . . . . . . . . . . 1 . . . . . . . . . 2 . . . . 1 . Hunter 68 | . . . . . 1 2 . . . . . . . 2 . . 1 . 2 . 2 1 . 2 . . . . 2 . 6 . 2 . 2 4 . 2 9 2 8 18 . Programmer 55 | . . . . . . . . . . 1 1 . . . 1 . . . 1 . . . . 1 . . 6 1 6 . . . . . . . 4 2 . 12 6 13 . Behemoth 5 | . . . . . . . . . . . 1 . . . . . 1 . . . . . . . 1 . . . . . 1 . . . . . . . . . . 1 . Compactor 5 | . . . . . . . . . . . . . . . . . . . . . . . . . . . . . . 5 . . . . . . . . . . . . . Cetus Guard 6 | . . . . . . . . . . . . . . . . . . . . . . . . . . . . . . . . . 6 . . . . . . . . . . S7 Guard 1 | . . . . . . . . . . . . . . . . . . . . . . . . . . . . . . . . . . . . . . 1 . . . . . M Guard 2 | . . . . . . . . . . . . . . . . . . . . . . . . . . . . . . . . . . . . . . . . . . 2 . Enhanced Grunt 34 | . . . . . . . . . . . . . . . . . . . . 4 . . . . . . . . . . . . . . 1 . . . . . . . 29 Enhanced Sentry 3 | . . . . . . . . . . . . . . . . . . . . . . . . . . . . . . . . . . . . . . . . . . . 3 Enhanced Hunter 8 | . . . . . . . . . . . . . . . . . . . . . . . . . . . . . . . . . . . . . . . . . . . 8 Lightning 5 | . . . . . . . . . . . . . . . . . . . . . . . . . . . . . . . . . . . 2 . 3 . . . . . . Combat Programmer 2 | . . . . . . . . . . . . . . . . . . . . . . . . . . . . . . . . . . . . . . . . . . 2 . Striker 9 | . . . . . . . . . . . . . . . . . . . . . . . . . . . . . . . . . . . . . . . 9 . . . . Executioner 10 | . . . . . . . . . . . . . . . . . . . . . . . . . . . 1 . . . . . . . . 1 . 2 6 . . . . Fortress 1 | . . . . . . . . . . . . . . . . . . . . . . . . . . . . . . . . . . . . . 1 . . . . . . Protovariant G 1 | . . . . . . . . . . . . . . . . . . . . . . . . . . . . . . . . . . . . . . . . 1 . . . Zionite 26 | . . . . . 1 . . . . . . 25 . . . . . . . . . . . . . . . . . . . . . . . . . . . . . . . Z-Light 6 | . . . . . . . . . . . . . 6 . . . . . . . . . . . . . . . . . . . . . . . . . . . . . . Samaritan 2 | . . . . . . . . . . 2 . . . . . . . . . . . . . . . . . . . . . . . . . . . . . . . . . Tinkerer 1 | . . . . . . . . . . . . 1 . . . . . . . . . . . . . . . . . . . . . . . . . . . . . . . Assembled 3 | . . . . . . . . . . . . . 3 . . . . . . . . . . . . . . . . . . . . . . . . . . . . . . Thug 2 | . . . . . . . . . . . . . . . . . . . . . . . . . . . 1 . . . . 1 . . . . . . . . . . . Butcher 2 | . . . . . . . . . . . . 1 . . . . . . . . . . . . . . . . . . . . . . . . . . . . . 1 . Martyr 1 | . . . . . . . . . . . . . . . . . 1 . . . . . . . . . . . . . . . . . . . . . . . . . . Mutant 5 | . . . . . . . . . . . . 5 . . . . . . . . . . . . . . . . . . . . . . . . . . . . . . . Best Kill Streak 43 | . 5 3 . 4 9 7 2 . 5 4 6 13 6 3 22 . 4 4 4 4 9 7 . 4 5 7 15 3 24 25 5 7 4 3 20 6 8 10 12 7 8 43 7 Combat Bots Only 42 | . 5 3 . 4 7 5 2 . 1 4 6 5 6 3 3 . 3 4 4 4 9 5 . 4 5 7 15 3 9 8 4 6 3 3 5 4 3 6 11 5 5 42 7 Max Kills in Single Turn 13 | . 1 2 . 1 3 2 2 . 1 1 4 1 2 1 8 . 2 2 1 2 2 2 . 1 2 2 3 1 4 1 2 4 2 2 13 3 2 2 3 3 2 7 3 Gunslinging 2 | . . 1 . . 1 . . . . . . . . . . . . . . . 1 1 . . 1 1 1 . 2 . 1 . 1 . . . 1 1 1 1 . 1 2 Exploded 4 | . . . . . 2 2 . . . . 4 . 2 . . . . . . . . . . . . . . . . . . . . . 2 . . . . 1 . 2 . Melee 1 | . . . . . . . . . . . . . . . . . . . . . . . . . . . . . . . . . . . . . . 1 . . . 1 1 Uniques/NPCs Destroyed 9 | . . . . . . . . . . . . 1 . . . . . . . . . . . . . . . . . . . . . . . . . . . . . 1 7 Imprinter (-7/Zion) MAIN.C Shell (-1/Command) MAIN.C (-1/Command) A5 (-1/Access_0) A6 (-1/Access_0) A8 (-1/Access_0) A4 (-1/Access_0) A2 (-1/Access_0) A3 (-1/Access_0) Architect (-1/Access_0) Combat | -11 -10 -10 -10 -9 -8 -8 -7 -7 -7 -7 -7 -7 -7 -6 -6 -6 -6 -6 -6 -6 -5 -5 -5 -5 -5 -5 -5 -4 -4 -4 -4 -4 -4 -4 -4 -3 -3 -3 -2 -2 -1 -1 -1 -------- Run | Scr Mat Min Exi Min Mat Sto Fac Was Fac Low Low Zio Dee Pro Fac Was Fac Low Low Dat Pro Fac Was Fac Upp Upp War Pro Fac Was Fac Ext Cet Arc Hub Res Qua Sec Res Tes Acc Com Ac0 Damage Taken 15617 | . 533 201 . 351 1179 688 42 . 377 102 512 381 327 408 123 . 133 39 92 . 65 796 . 41 320 222 287 41 740 . 581 531 209 79 883 174 426 682 644 140 243 1260 1765 Core 12565 | . 430 159 . 276 934 549 39 . 293 83 422 312 264 335 94 . 104 35 74 . 54 636 . 32 257 180 228 32 594 . 461 433 162 62 720 139 352 556 519 115 205 1025 1400 Absorbed by Shields 2037 | . . . . . . . . . . . . . . . . . . . . . . . . . . . . . . . . . 122 . . . . . . . . 208 1707 Redirected to Core 10799 | . 340 121 . 246 811 496 10 . 293 67 332 228 234 241 94 . 104 16 62 . 38 567 . 32 233 150 208 32 515 . 424 359 162 62 617 119 287 479 446 95 143 865 1271 Core Remaining (%) 87 | 100 . . . 100 . 100 . . . . . . . 100 . . . . . . 95 . . . . . . 100 . . . . . . 7 . . 90 . 98 . . . Volleys Fired 1694 | . 58 13 . 35 124 58 15 14 36 13 28 60 15 30 31 3 11 16 22 4 26 62 8 15 25 21 40 5 58 15 54 43 21 18 42 46 28 70 101 34 59 138 179 Largest 4 | . 3 3 . 3 3 3 3 3 3 3 3 3 3 3 4 4 4 4 4 4 4 4 4 4 4 4 4 4 4 4 4 4 4 4 4 4 4 4 4 3 4 4 4 Hottest 183 | . 130 130 . 130 183 183 157 157 157 105 105 105 105 105 166 140 160 160 160 160 160 160 160 160 160 160 160 160 160 160 160 160 160 160 160 160 160 160 160 140 180 180 180 Shots Fired 5877 | . 134 39 . 103 357 170 39 42 73 40 77 179 36 88 101 12 44 64 88 16 104 245 32 60 100 84 153 20 228 58 214 169 81 70 162 184 109 277 404 102 190 452 677 Gun 5272 | . 134 39 . 103 353 146 24 28 15 . . . . . 40 12 44 64 88 16 104 244 32 60 100 84 153 20 227 58 214 169 81 70 162 184 109 277 404 102 190 445 677 Cannon 581 | . . . . . . 22 14 14 58 40 74 179 32 88 60 . . . . . . . . . . . . . . . . . . . . . . . . . . . . Launcher 20 | . . . . . 4 2 . . . . 3 . 4 . . . . . . . . . . . . . . . . . . . . . . . . . . . . 7 . Special 4 | . . . . . . . 1 . . . . . . . 1 . . . . . . 1 . . . . . . 1 . . . . . . . . . . . . . . Kinetic 4475 | . 47 . . . . . . . . . . . . . 38 12 44 64 88 16 104 244 32 60 100 84 153 20 227 58 214 169 81 70 162 184 109 277 404 102 190 445 677 Thermal 1378 | . 87 39 . 103 353 168 38 42 73 40 74 179 32 88 62 . . . . . . . . . . . . . . . . . . . . . . . . . . . . Explosive 6 | . . . . . 4 2 . . . . . . . . . . . . . . . . . . . . . . . . . . . . . . . . . . . . . Electromagnetic 14 | . . . . . . . . . . . 3 . 4 . . . . . . . . . . . . . . . . . . . . . . . . . . . . 7 . Robot Hit Streak 53 | . 14 18 . 13 14 48 37 46 16 37 40 18 14 26 31 22 24 32 21 18 47 53 45 22 47 39 29 8 22 35 31 37 45 28 23 37 21 37 49 34 22 45 49 Robot Miss Streak 7 | . 4 5 . 2 7 2 2 1 1 1 1 2 2 1 2 . 1 1 2 1 1 2 1 1 1 1 2 1 2 2 4 2 1 2 2 2 2 3 3 3 4 5 6 Penetration Max 4 | . . . . . . . . . . . . . . . 1 1 1 1 1 . 3 2 . 1 1 2 4 . 2 2 3 3 1 1 4 3 2 1 2 2 2 3 1 Secondary Targets 80 | . . 2 . 1 6 1 . . . . . . . . . . 1 1 . . 1 5 . . 4 4 8 . 7 . 2 2 4 . 1 . 1 6 7 3 2 4 7 Max Gunslinging Chain 2 | . . 1 . 1 1 1 . . . . . . . . . . 1 1 . . 1 2 . . 1 1 1 . 2 . 1 1 1 . 1 . 1 2 1 1 1 1 2 Shots Hit Robots 4135 | . 87 20 . 67 221 119 34 28 35 34 55 132 18 49 53 12 29 52 58 12 82 164 20 27 83 69 113 14 164 51 140 126 70 57 86 114 76 176 280 84 130 316 578 Core Hits 2414 | . 40 10 . 21 91 48 13 5 14 9 20 38 13 20 68 3 15 20 18 6 34 85 5 18 39 45 88 5 85 15 65 72 36 25 70 62 27 93 131 55 91 263 533 Critical Hits 2004 | . . . . . . . . . . . 1 2 . 1 10 5 20 28 25 6 52 82 7 21 35 33 100 7 105 21 88 88 28 25 48 65 42 99 144 82 94 244 396 Critical Kills 681 | . . . . . . . . . . . . . . . 4 1 8 11 11 4 18 40 3 11 10 10 41 3 47 5 32 31 10 9 21 30 15 41 65 30 53 79 38 Critical Parts Destroyed 1070 | . . . . . . . . . . . 1 2 . 1 6 1 6 14 14 1 31 42 2 10 17 23 59 4 57 8 47 44 15 16 27 35 26 50 70 52 41 133 215 Melee Attacks 140 | . . . . . 1 . . . . . . . . . . . . . . . . . . . . . . . 4 . . . . . 4 4 10 13 5 13 16 29 41 Kinetic 2 | . . . . . . . . . . . . . . . . . . . . . . . . . . . . . . . . . . . . . 2 . . . . . . Impact . | . . . . . . . . . . . . . . . . . . . . . . . . . . . . . . . . . . . . . . . . . . . . Slashing 1 | . . . . . 1 . . . . . . . . . . . . . . . . . . . . . . . . . . . . . . . . . . . . . . Piercing 137 | . . . . . . . . . . . . . . . . . . . . . . . . . . . . . 4 . . . . . 4 4 8 13 5 13 16 29 41 Sneak Attacks 2 | . . . . . . . . . . . . . . . . . . . . . . . . . . . . . . . . . . . . . . . . 1 1 . . Combat Hostiles . | . . . . . . . . . . . . . . . . . . . . . . . . . . . . . . . . . . . . . . . . . . . . Follow-up Attacks . | . . . . . . . . . . . . . . . . . . . . . . . . . . . . . . . . . . . . . . . . . . . . Damage Inflicted 56507 | . 836 212 . 673 3456 2572 760 632 922 1098 2300 4200 883 1507 2571 131 269 393 351 64 681 1433 163 303 740 723 1615 125 1910 481 1169 1365 513 429 2629 1022 638 1514 2267 1262 1364 4242 6089 Guns 35798 | . 836 212 . 673 2825 1938 389 352 239 . . . . . 201 131 269 393 351 64 681 1295 163 303 740 723 1615 125 1543 481 1169 1365 513 429 814 1022 598 1391 2267 896 1131 2972 4689 Cannons 11982 | . . . . . . 391 371 280 683 1098 1938 4200 433 1507 1081 . . . . . . . . . . . . . . . . . . . . . . . . . . . . Explosions 6135 | . . . . . 631 243 . . . . 362 . 450 . 1289 . . . . . . 138 . . . . . . 367 . . . . . 1815 . . . . 146 34 660 . Melee 2592 | . . . . . . . . . . . . . . . . . . . . . . . . . . . . . . . . . . . . . 40 123 . 220 199 610 1400 Ramming . | . . . . . . . . . . . . . . . . . . . . . . . . . . . . . . . . . . . . . . . . . . . . Kinetic 28667 | . 309 . . . . . . . . . . . . . 185 131 269 393 351 64 681 1295 163 303 740 723 1615 125 1543 481 1169 1365 513 429 814 1022 638 1391 2267 896 1131 2972 4689 Thermal 19973 | . 527 212 . 673 2825 2329 760 632 922 1098 2034 4200 613 1507 1179 . . . . . . 61 . . . . . . 367 . . . . . . . . . . . 34 . . Explosive 1073 | . . . . . 631 243 . . . . . . . . . . . . . . . . . . . . . . . . . . . . . . . . . 146 . 53 . Electromagnetic 4242 | . . . . . . . . . . . 266 . 270 . 1207 . . . . . . 77 . . . . . . . . . . . . 1815 . . . . . . 607 . Impact . | . . . . . . . . . . . . . . . . . . . . . . . . . . . . . . . . . . . . . . . . . . . . Slashing . | . . . . . . . . . . . . . . . . . . . . . . . . . . . . . . . . . . . . . . . . . . . . Piercing 2552 | . . . . . . . . . . . . . . . . . . . . . . . . . . . . . . . . . . . . . . 123 . 220 199 610 1400 Highest Corruption 12 | . . . . . . . . . 5 5 5 5 3 3 . . . . . . . . . . . . 2 2 3 12 12 12 12 12 8 . 4 6 . . 1 10 10 Average Corruption 6 | . . . . . . . . . 5 5 5 3 3 3 . . . . . . . . . . . . 1 2 2 10 12 12 12 6 6 . 3 5 . . 1 7 10 Corruption Purged 12 | . . . . . . . . . . . . . . . . . . . . . . . . . . . . . . . . . . 12 . . . . . . . . . Effects 609 | . . . . . . . . . 35 3 11 20 4 8 . . . . . . . . . . . . 3 1 12 13 78 66 25 33 6 . 10 39 . . 1 88 153 Message Errors 82 | . . . . . . . . . 10 1 1 5 2 2 . . . . . . . . . . . . . . 4 1 10 6 3 6 1 . 3 5 . . 1 7 14 Matter Fused 86 | . . . . . . . . . 8 . 2 5 1 2 . . . . . . . . . . . . . . 1 1 12 12 2 8 . . . 6 . . . 13 13 Heat Flow Errors 32 | . . . . . . . . . 4 . 1 . . . . . . . . . . . . . . . 2 1 1 2 1 4 1 4 . . 1 1 . . . 2 7 Energy Discharges 36 | . . . . . . . . . 2 . 1 2 1 1 . . . . . . . . . . . . . . 1 . 1 1 3 5 . . 1 4 . . . 6 7 Parts Rejected 7 | . . . . . . . . . . . 1 . . . . . . . . . . . . . . . . . . . . . . . . . 1 . . . . 1 4 Data Loss (minor) 24 | . . . . . . . . . 5 . . 4 . 1 . . . . . . . . . . . . . . . . 2 2 . 2 1 . . 1 . . . 2 4 Data Loss (major) 6 | . . . . . . . . . 1 . . . . . . . . . . . . . . . . . . . . 1 2 . . . 2 . . . . . . . . Misfires 14 | . . . . . . . . . 2 1 1 . . . . . . . . . . . . . . . . . . . 5 1 . . . . . 1 . . . 2 1 Alerts 4 | . . . . . . . . . . . . . . . . . . . . . . . . . . . . . . . 1 . 1 . . . . . . . . . 2 Misdirections 78 | . . . . . . . . . . . . . . . . . . . . . . . . . . . . . . 2 8 14 8 1 . . . . . . . 19 26 Targeting Errors 198 | . . . . . . . . . 3 1 4 3 . 2 . . . . . . . . . . . . . . 5 4 29 22 4 5 2 . 4 18 . . . 29 63 Weapon Failures 42 | . . . . . . . . . . . . 1 . . . . . . . . . . . . . . 1 . . 2 7 4 3 2 . . . 3 . . . 7 12 Overload Shots 1 | . . . . . . . . . . . . . . 1 . . . . . . . . . . . . . . . . . . . . . . . . . . . . . Overflow Damage 1061 | . . . . . 23 45 . . 43 58 27 268 36 63 58 . . . . . . . . . . . . . 66 . . . . . 132 . . . . 180 . 22 40 Projectiles 542 | . . . . . . . . . 43 58 27 268 35 63 48 . . . . . . . . . . . . . . . . . . . . . . . . . . . . Explosions 320 | . . . . . 23 45 . . . . . . 1 . 10 . . . . . . . . . . . . . 66 . . . . . 132 . . . . 43 . . . Melee 199 | . . . . . . . . . . . . . . . . . . . . . . . . . . . . . . . . . . . . . . . . 137 . 22 40 Knockbacks . | . . . . . . . . . . . . . . . . . . . . . . . . . . . . . . . . . . . . . . . . . . . . Impact . | . . . . . . . . . . . . . . . . . . . . . . . . . . . . . . . . . . . . . . . . . . . . Kinetic . | . . . . . . . . . . . . . . . . . . . . . . . . . . . . . . . . . . . . . . . . . . . . Secondary . | . . . . . . . . . . . . . . . . . . . . . . . . . . . . . . . . . . . . . . . . . . . . Self-Inflicted Damage 613 | . . . . . . 78 . . 247 . . . . . . . . . . . . 112 . . . . . . . . . . . . 116 . . . . 60 . . . Shots 12 | . . . . . . 2 . . 4 . . . . . . . . . . . . 2 . . . . . . . . . . . . 3 . . . . 1 . . . Rammed . | . . . . . . . . . . . . . . . . . . . . . . . . . . . . . . . . . . . . . . . . . . . . Targets Rammed . | . . . . . . . . . . . . . . . . . . . . . . . . . . . . . . . . . . . . . . . . . . . . Kicked . | . . . . . . . . . . . . . . . . . . . . . . . . . . . . . . . . . . . . . . . . . . . . Crushed . | . . . . . . . . . . . . . . . . . . . . . . . . . . . . . . . . . . . . . . . . . . . . Highest Temperature 377 | . 45 4 . . 107 5 . 100 177 91 224 94 65 86 180 116 209 189 249 85 284 244 72 123 134 111 202 109 159 247 151 245 186 377 86 98 228 160 11 . . 177 203 Average Temperature 55 | . 11 4 . . 28 2 . 48 65 33 35 25 24 26 47 64 77 90 89 44 103 78 37 43 54 45 79 49 65 93 45 44 37 111 32 27 28 34 11 . . 102 109 Received Heat Transfer 2400 | . 207 30 . 171 351 153 9 . 33 36 96 125 90 63 45 . 60 9 9 . . 144 . 9 63 63 39 . 18 . 96 81 4 9 18 30 18 72 9 9 18 34 179 Effects 5 | . . . . . . . . . . . . . . . . . . . . . . . . . . . 1 . . . . . . 1 . . . . . . . . 3 Shutdowns 1 | . . . . . . . . . . . . . . . . . . . . . . . . . . . . . . . . . . 1 . . . . . . . . . Interference 4 | . . . . . . . . . . . . . . . . . . . . . . . . . . . 1 . . . . . . . . . . . . . . . 3 Siege Activations . | . . . . . . . . . . . . . . . . . . . . . . . . . . . . . . . . . . . . . . . . . . . . Robots Corrupted 7 | . . . . . . . . . . . . . 1 . . . . . . . . . . . . . . . . . . . . . 4 . . . . . . 2 . Combat Hostiles 3 | . . . . . . . . . . . . . 1 . . . . . . . . . . . . . . . . . . . . . . . . . . . . 2 . Parts Fried 38 | . . . . . . . . . . . . . 3 . 8 . . . . . . . . . . . 4 . . . . . . . 14 . . . 1 . . 8 . Impact Corruptions . | . . . . . . . . . . . . . . . . . . . . . . . . . . . . . . . . . . . . . . . . . . . . Robots Melted 10 | . . . . 1 1 . . . 1 1 1 3 . 1 1 . . . . . . . . . . . . . . . . . . . . . . . . . . . . Combat Hostiles 7 | . . . . 1 1 . . . 1 1 1 . . 1 1 . . . . . . . . . . . . . . . . . . . . . . . . . . . . Parts Melted 110 | . 2 4 . 6 16 12 6 . 7 9 6 13 4 10 5 . . . . . . . . . . . 6 . . . . . . . . 1 2 . . . . . 1 Heat Transferred 35547 | . 1472 522 . 1654 6985 4707 1401 1227 1568 1600 2850 6274 800 2300 1837 . . . . . . 50 . . . . . . 200 . . . . . . . . . . . 100 . . Parts Sabotaged . | . . . . . . . . . . . . . . . . . . . . . . . . . . . . . . . . . . . . . . . . . . . . Parts Stolen . | . . . . . . . . . . . . . . . . . . . . . . . . . . . . . . . . . . . . . . . . . . . . Parts Stripped . | . . . . . . . . . . . . . . . . . . . . . . . . . . . . . . . . . . . . . . . . . . . . Power Chain Reactions 12 | . . . . . . . . . . . 2 . 1 . 8 . . . . . . 1 . . . . . . . . . . . . . . . . . . . . . Missiles Intercepted . | . . . . . . . . . . . . . . . . . . . . . . . . . . . . . . . . . . . . . . . . . . . . Alert | -11 -10 -10 -10 -9 -8 -8 -7 -7 -7 -7 -7 -7 -7 -6 -6 -6 -6 -6 -6 -6 -5 -5 -5 -5 -5 -5 -5 -4 -4 -4 -4 -4 -4 -4 -4 -3 -3 -3 -2 -2 -1 -1 -1 ------- Run | Scr Mat Min Exi Min Mat Sto Fac Was Fac Low Low Zio Dee Pro Fac Was Fac Low Low Dat Pro Fac Was Fac Upp Upp War Pro Fac Was Fac Ext Cet Arc Hub Res Qua Sec Res Tes Acc Com Ac0 Peak Influence 1345 | . 377 321 . 189 938 801 484 152 254 . . . . . 353 123 532 . . . . 549 192 716 . . . . 1012 192 529 517 660 484 965 1278 739 538 1345 1038 831 895 . Average Influence 346 | . 207 261 . 71 355 425 212 150 61 . . . . . 113 123 145 . . . . 176 192 353 . . . . 385 192 127 131 375 286 285 830 241 250 969 292 557 544 . Maximum Alert Level 4 | . 1 1 . . 3 3 2 . 1 . . . . . 1 . 2 . . . . 2 . 3 . . . . 3 . 2 2 2 2 3 4 3 2 4 3 3 4 . Low Security (%) 40 | 100 44 29 . 100 15 11 47 100 92 . . . . . 79 100 82 . . . . 65 100 26 . . . . 14 100 88 74 22 34 59 . 37 29 2 55 . 2 . Level 1 23 | . 55 70 . . 53 38 29 . 7 . . . . . 20 . . . . . . 19 . 41 . . . . 45 . 8 19 47 34 15 . 45 57 2 . 23 11 . Level 2 18 | . . . . . 20 35 22 . . . . . . . . . 17 . . . . 14 . 31 . . . . 35 . 3 5 30 30 4 20 7 12 21 38 53 27 . Level 3 9 | . . . . . 10 14 . . . . . . . . . . . . . . . . . . . . . . 4 . . . . . 20 66 8 . 22 6 23 21 . Level 4 7 | . . . . . . . . . . . . . . . . . . . . . . . . . . . . . . . . . . . . 13 . . 50 . . 37 . Level 5 . | . . . . . . . . . . . . . . . . . . . . . . . . . . . . . . . . . . . . . . . . . . . . High Security . | . . . . . . . . . . . . . . . . . . . . . . . . . . . . . . . . . . . . . . . . . . . . Max Security . | . . . . . . . . . . . . . . . . . . . . . . . . . . . . . . . . . . . . . . . . . . . . Squads Dispatched 65 | . 2 . . . 7 4 1 . 1 . 1 . . . 4 . 2 . . . 1 3 . 2 . . . . 3 . 5 . . . 4 6 1 4 2 5 5 2 . Investigation 14 | . 2 . . . 1 . . . 1 . . . . . 1 . 1 . . . . . . 1 . . . . . . 1 . . . . 4 . . . 1 1 . . Extermination 16 | . . . . . . . . . . . . . . . 1 . . . . . . 1 . 1 . . . . 1 . 1 . . . 1 . 1 2 . 3 2 2 . Reinforcement 26 | . . . . . 3 3 1 . . . . . . . 2 . . . . . . 1 . . . . . . 2 . 3 . . . 3 2 . 2 2 1 1 . . Assault 5 | . . . . . . 1 . . . . 1 . . . . . 1 . . . 1 . . . . . . . . . . . . . . . . . . . 1 . . Garrison 4 | . . . . . 3 . . . . . . . . . . . . . . . . 1 . . . . . . . . . . . . . . . . . . . . . Intercept . | . . . . . . . . . . . . . . . . . . . . . . . . . . . . . . . . . . . . . . . . . . . . Construction Impeded 4 | . . . . . 1 . . . . . . . . . 1 . . . . . . . . . . . . . . . . . . . 1 . . . . . 1 . . Haulers Reinforced 9 | . . . . . . . . . . . . . . . . . . . . . . . . . . . . . 2 . 2 . . . 1 1 . 1 1 1 . . . Stealth | -11 -10 -10 -10 -9 -8 -8 -7 -7 -7 -7 -7 -7 -7 -6 -6 -6 -6 -6 -6 -6 -5 -5 -5 -5 -5 -5 -5 -4 -4 -4 -4 -4 -4 -4 -4 -3 -3 -3 -2 -2 -1 -1 -1 --------- Run | Scr Mat Min Exi Min Mat Sto Fac Was Fac Low Low Zio Dee Pro Fac Was Fac Low Low Dat Pro Fac Was Fac Upp Upp War Pro Fac Was Fac Ext Cet Arc Hub Res Qua Sec Res Tes Acc Com Ac0 Distress Signals 48 | . . . . . 5 . . . 1 . . . . 1 1 . . . . . . 1 . . . . 1 . 1 . 2 2 2 . 1 7 . 2 2 2 2 15 . Communications Jammed . | . . . . . . . . . . . . . . . . . . . . . . . . . . . . . . . . . . . . . . . . . . . . Distress Signals . | . . . . . . . . . . . . . . . . . . . . . . . . . . . . . . . . . . . . . . . . . . . . Times Spotted 784 | . 19 8 . 14 55 22 7 . 13 7 11 31 9 12 15 . 6 6 6 . 15 31 . 8 10 13 41 1 30 6 19 15 17 13 32 15 11 39 47 22 31 70 57 Peak Tracking Total 17 | . 3 3 . 6 9 4 1 . 5 3 4 8 6 4 3 . 4 3 3 . 5 5 . 2 4 5 12 1 8 5 4 5 5 1 17 5 3 5 6 5 6 12 9 Tactical Retreats 33 | . . . . . 5 . . . 1 . . 1 . . . . . . . . . 4 . . . 1 2 . . 1 . 1 . . 2 1 . 7 2 . 1 3 1 Traps | -11 -10 -10 -10 -9 -8 -8 -7 -7 -7 -7 -7 -7 -7 -6 -6 -6 -6 -6 -6 -6 -5 -5 -5 -5 -5 -5 -5 -4 -4 -4 -4 -4 -4 -4 -4 -3 -3 -3 -2 -2 -1 -1 -1 ------- Run | Scr Mat Min Exi Min Mat Sto Fac Was Fac Low Low Zio Dee Pro Fac Was Fac Low Low Dat Pro Fac Was Fac Upp Upp War Pro Fac Was Fac Ext Cet Arc Hub Res Qua Sec Res Tes Acc Com Ac0 Traps Triggered 16 | . . . . . 1 . 2 . 1 . . . . . 1 . . . . . . 2 . . . . . . 1 . 2 1 . . 4 . . . . . . 1 . Indirectly 4 | . . . . . . . . . . . . . . . . . . . . . . . . . . . . . . . . . . . 4 . . . . . . . . Trap Hack Attempts . | . . . . . . . . . . . . . . . . . . . . . . . . . . . . . . . . . . . . . . . . . . . . Triggered . | . . . . . . . . . . . . . . . . . . . . . . . . . . . . . . . . . . . . . . . . . . . . Disarmed . | . . . . . . . . . . . . . . . . . . . . . . . . . . . . . . . . . . . . . . . . . . . . Reprogrammed . | . . . . . . . . . . . . . . . . . . . . . . . . . . . . . . . . . . . . . . . . . . . . Reused . | . . . . . . . . . . . . . . . . . . . . . . . . . . . . . . . . . . . . . . . . . . . . Traps Extracted . | . . . . . . . . . . . . . . . . . . . . . . . . . . . . . . . . . . . . . . . . . . . . Installed 3 | . . . . . . . . . . . 3 . . . . . . . . . . . . . . . . . . . . . . . . . . . . . . . . Triggered 5 | . . . . . . . . . . . 1 . . . . . . . . . . . . . . . 2 1 . . . . . . 1 . . . . . . . . Machines | -11 -10 -10 -10 -9 -8 -8 -7 -7 -7 -7 -7 -7 -7 -6 -6 -6 -6 -6 -6 -6 -5 -5 -5 -5 -5 -5 -5 -4 -4 -4 -4 -4 -4 -4 -4 -3 -3 -3 -2 -2 -1 -1 -1 ---------- Run | Scr Mat Min Exi Min Mat Sto Fac Was Fac Low Low Zio Dee Pro Fac Was Fac Low Low Dat Pro Fac Was Fac Upp Upp War Pro Fac Was Fac Ext Cet Arc Hub Res Qua Sec Res Tes Acc Com Ac0 Machines Disabled 86 | . . 1 . . 4 2 . . 6 . 1 2 1 2 15 . . . . . . 1 . . . . . . 8 . . . . . 15 3 3 3 1 7 1 4 6 Max in Single Turn 9 | . . 1 . . 2 1 . . 5 . 1 2 1 1 4 . . . . . . 1 . . . . . . 5 . . . . . 9 1 1 1 1 1 1 2 1 Garrison Access 12 | . . . . . 1 . 1 . 2 . . . . . 1 . . . . . . 3 . 1 . . . . . . . . . . . 1 . . 1 . 1 . . Phase Generator 1 | . . . . . . . . . . . . . . . . . . . . . . . . . . . . . . . . . . . . . . . . . . 1 . Network Hub 3 | . . . . . . . . . . . . . . . . . . . . . . . . . . . . . . . . . . . 3 . . . . . . . . Energy Cycler 1 | . . . . . . . . . . . . . . . . . . . . . . . . . . . . . . . . . . . . . . . . . 1 . . Machines Sabotaged . | . . . . . . . . . . . . . . . . . . . . . . . . . . . . . . . . . . . . . . . . . . . . Garrisons Compromised . | . . . . . . . . . . . . . . . . . . . . . . . . . . . . . . . . . . . . . . . . . . . . Overloaded Fab Kills . | . . . . . . . . . . . . . . . . . . . . . . . . . . . . . . . . . . . . . . . . . . . . Fab Network Shutdowns 8 | . . . . . . . 1 . . . . . . . . . 1 . . . . 1 . 1 . . . . 1 . 1 . . . . 1 . . . 1 . . . Hacking | -11 -10 -10 -10 -9 -8 -8 -7 -7 -7 -7 -7 -7 -7 -6 -6 -6 -6 -6 -6 -6 -5 -5 -5 -5 -5 -5 -5 -4 -4 -4 -4 -4 -4 -4 -4 -3 -3 -3 -2 -2 -1 -1 -1 --------- Run | Scr Mat Min Exi Min Mat Sto Fac Was Fac Low Low Zio Dee Pro Fac Was Fac Low Low Dat Pro Fac Was Fac Upp Upp War Pro Fac Was Fac Ext Cet Arc Hub Res Qua Sec Res Tes Acc Com Ac0 Machines Accessed 199 | . 8 1 . . 9 8 9 . 16 . . . . 2 10 . 7 1 . 4 . 13 . 9 . . . 1 8 . 8 15 1 . 12 6 11 10 1 6 13 9 1 Terminals 154 | . 6 1 . . 6 8 6 . 9 . . . . 2 8 . 4 1 . . . 9 . 7 . . . 1 4 . 6 15 1 . 12 3 10 10 1 5 10 9 . Fabricators 17 | . . . . . . . 1 . 4 . . . . . 1 . 1 . . . . 1 . 1 . . . . 2 . 2 . . . . 1 . . . 1 2 . . Repair Stations 1 | . . . . . . . . . 1 . . . . . . . . . . . . . . . . . . . . . . . . . . . . . . . . . . Recycling Units 5 | . 2 . . . 1 . . . . . . . . . . . 1 . . . . . . . . . . . 1 . . . . . . . . . . . . . . Scanalyzers 5 | . . . . . 1 . 1 . . . . . . . . . 1 . . . . . . . . . . . 1 . . . . . . . 1 . . . . . . Garrison Access 12 | . . . . . 1 . 1 . 2 . . . . . 1 . . . . . . 3 . 1 . . . . . . . . . . . 2 . . . . 1 . . Total Hacks 960 | . 23 4 . . 22 26 29 . 71 . . . . 13 52 . 39 5 . 31 . 55 . 34 . . . 1 48 . 52 56 2 . 66 32 49 39 16 51 87 54 3 Successful 747 | . 19 3 . . 16 24 24 . 62 . . . . 11 41 . 37 5 . 31 . 40 . 30 . . . 1 37 . 41 51 2 . 58 18 37 34 6 39 51 26 3 Failed 212 | . 4 1 . . 6 2 5 . 8 . . . . 2 11 . 2 . . . . 15 . 4 . . . . 11 . 11 5 . . 8 14 12 5 10 12 36 28 . Catastrophic 26 | . . . . . 2 . . . . . . . . . . . . . . . . 1 . . . . . . 5 . 1 . . . . 2 . . 2 3 7 3 . Database Lockouts 1 | . . . . . . . . . 1 . . . . . . . . . . . . . . . . . . . . . . . . . . . . . . . . . . Manual 679 | . 21 4 . . 16 22 16 . 48 . . 4 . 12 31 . 14 3 . . . 29 . 24 . . 1 . 32 . 40 38 3 . 63 24 45 33 13 35 67 41 . Terminals 756 | . 20 4 . . 18 26 19 . 46 . . . . 13 37 . 26 5 . . . 43 . 25 . . . 1 28 . 36 56 2 . 66 20 48 39 16 38 70 54 . Fabricators 139 | . . . . . . . 7 . 21 . . . . . 14 . 10 . . . . 9 . 8 . . . . 16 . 16 . . . . 9 . . . 13 16 . . Repair Stations 2 | . . . . . . . . . 2 . . . . . . . . . . . . . . . . . . . . . . . . . . . . . . . . . . Recycling Units 7 | . 3 . . . 1 . . . . . . . . . . . 1 . . . . . . . . . . . 2 . . . . . . . . . . . . . . Scanalyzers 9 | . . . . . 2 . 2 . . . . . . . . . 2 . . . . . . . . . . . 2 . . . . . . . 1 . . . . . . Garrison Access 13 | . . . . . 1 . 1 . 2 . . . . . 1 . . . . . . 3 . 1 . . . . . . . . . . . 3 . . . . 1 . . Terminal Hacks 404 | . 8 2 . . 9 19 8 . 25 . . . . 7 15 . 18 5 . 31 . 18 . 12 . . . 1 11 . 20 38 1 . 32 4 25 24 5 19 26 18 3 Record 16 | . . . . . . . . . . . . . . . . . . 2 . 11 . . . . . . . 1 . . . 1 . . . . 1 . . . . . . Part Schematic 46 | . . . . . 1 . 3 . . . . . . 2 6 . 2 1 . 10 . 3 . 6 . . . . . . 2 . . . . 2 1 . 1 1 5 . . Robot Schematic 7 | . . . . . . . . . . . . . . . . . . . . 7 . . . . . . . . . . . . . . . . . . . . . . . Prototype ID Bank 13 | . . . . . . 1 . . 4 . . . . . . . 2 . . 3 . . . 1 . . . . . . . 2 . . . . . . . . . . . Open Door 14 | . . . . . . 3 . . . . . . . 1 . . . . . . . . . . . . . . . . . 5 . . . . 1 3 . . . 1 . Level Access Points 3 | . . . . . . . . . . . . . . 1 . . . . . . . . . . . . . . . . . . . . 1 . . 1 . . . . . Branch Access Points 13 | . 1 . . . 1 . 1 . 2 . . . . . 1 . 1 1 . . . 1 . 1 . . . . . . 1 . . . . . . . 1 . 1 . . Emergency Access Points 1 | . . . . . . . . . . . . . . . . . . . . . . . . . . . . . . . . . . . . . . 1 . . . . . Machine Index 4 | . . . . . . . . . . . . . . . . . 1 . . . . 1 . 1 . . . . . . . 1 . . . . . . . . . . . Terminal Index 16 | . . . . . . 1 1 . 1 . . . . . 1 . . . . . . . . . . . . . 1 . 1 1 . . 1 1 1 1 2 1 1 1 . Fabricator Index 9 | . . . . . . . 1 . 1 . . . . . 1 . . . . . . 1 . . . . . . 1 . 1 . . . . 1 . . 1 . 1 . . Repair Station Index 1 | . . . . . . . . . 1 . . . . . . . . . . . . . . . . . . . . . . . . . . . . . . . . . . Recycling Unit Index 1 | . . . . . . . . . 1 . . . . . . . . . . . . . . . . . . . . . . . . . . . . . . . . . . Scanalyzer Index 1 | . . . . . . . 1 . . . . . . . . . . . . . . . . . . . . . . . . . . . . . . . . . . . . Garrison Index 1 | . . . . . . . . . . . . . . . . . . . . . . . . . . . . . . . . . . . . . 1 . . . . . . Alert Level 78 | . 2 1 . . 1 4 . . 5 . . . . 2 2 . 3 . . . . 4 . 1 . . . . 2 . 6 10 1 . 8 . 6 5 . 5 4 6 . Unreport Threat 77 | . . . . . 4 7 . . 2 . . . . . . . 5 . . . . 5 . . . . . . 5 . 7 8 . . 6 . 5 5 . 7 7 4 . Recall Investigation 1 | . . . . . . . . . 1 . . . . . . . . . . . . . . . . . . . . . . . . . . . . . . . . . . Recall Extermination 8 | . . . . . . . . . . . . . . . 1 . . . . . . 1 . 1 . . . . . . 1 . . . 1 . . 2 . 1 . . . Recall Reinforcements 4 | . . . . . . 1 . . . . . . . . . . . . . . . 1 . . . . . . . . . . . . 2 . . . . . . . . Recall Assault 3 | . . . . . . 1 . . . . . . . . . . . . . . . . . . . . . . . . . . . . . . . . . . 2 . . Hauler Manifests 11 | . . . . . . . . . 2 . . . . . 2 . 2 . . . . . . 1 . . . . 1 . . 1 . . . . 2 . . . . . . Zone Layout 71 | . 5 1 . . 2 1 1 . 5 . . . . 1 1 . 2 1 . . . 1 . . . . . . 1 . 1 9 . . 13 . 7 6 . 4 5 4 . Disengage Seal 2 | . . . . . . . . . . . . . . . . . . . . . . . . . . . . . . . . . . . . . . . . . . 2 . Gate Test 138-A 1 | . . . . . . . . . . . . . . . . . . . . . . . . . . . . . . . . . . . . . . . . . . . 1 Gate Test 138-B 1 | . . . . . . . . . . . . . . . . . . . . . . . . . . . . . . . . . . . . . . . . . . . 1 Gate Test 138-END 1 | . . . . . . . . . . . . . . . . . . . . . . . . . . . . . . . . . . . . . . . . . . . 1 Fabricator Hacks 89 | . . . . . . . 5 . 13 . . . . . 11 . 7 . . . . 6 . 5 . . . . 11 . 9 . . . . 5 . . . 10 7 . . Load Schematic 35 | . . . . . . . 1 . 6 . . . . . 4 . 3 . . . . 2 . 2 . . . . 4 . 4 . . . . 1 . . . 4 4 . . Build 54 | . . . . . . . 4 . 7 . . . . . 7 . 4 . . . . 4 . 3 . . . . 7 . 5 . . . . 4 . . . 6 3 . . Repair Station Hacks 2 | . . . . . . . . . 2 . . . . . . . . . . . . . . . . . . . . . . . . . . . . . . . . . . Scan Component 1 | . . . . . . . . . 1 . . . . . . . . . . . . . . . . . . . . . . . . . . . . . . . . . . Repair 1 | . . . . . . . . . 1 . . . . . . . . . . . . . . . . . . . . . . . . . . . . . . . . . . Recycling Unit Hacks 5 | . 1 . . . 1 . . . . . . . . . . . 1 . . . . . . . . . . . 2 . . . . . . . . . . . . . . Process 1 | . . . . . . . . . . . . . . . . . . . . . . . . . . . . . 1 . . . . . . . . . . . . . . Retrieve Matter 1 | . . . . . . . . . . . . . . . . . . . . . . . . . . . . . 1 . . . . . . . . . . . . . . Retrieve Components 3 | . 1 . . . 1 . . . . . . . . . . . 1 . . . . . . . . . . . . . . . . . . . . . . . . . . Scanalyzer 9 | . . . . . 2 . 2 . . . . . . . . . 2 . . . . . . . . . . . 2 . . . . . . . 1 . . . . . . Insert Component 5 | . . . . . 1 . 1 . . . . . . . . . 1 . . . . . . . . . . . 1 . . . . . . . 1 . . . . . . Analyze 4 | . . . . . 1 . 1 . . . . . . . . . 1 . . . . . . . . . . . 1 . . . . . . . . . . . . . . Garrison Access Hacks 12 | . . . . . 1 . 1 . 2 . . . . . 1 . . . . . . 3 . 1 . . . . . . . . . . . 2 . . . . 1 . . Unlock Access 1 | . . . . . . . . . . . . . . . . . . . . . . . . . . . . . . . . . . . . 1 . . . . . . . Seal Access 11 | . . . . . 1 . 1 . 2 . . . . . 1 . . . . . . 3 . 1 . . . . . . . . . . . 1 . . . . 1 . . Unauthorized Hacks 471 | . 21 3 . . 6 10 16 . 42 . . . . 8 28 . 18 . . . . 26 . 26 . . . . 23 . 27 26 2 . 53 16 24 21 2 20 37 16 . Terminals 180 | . 8 1 . . 3 5 6 . 13 . . . . 4 11 . 6 . . . . 10 . 9 . . . . 6 . 6 13 1 . 26 4 11 10 1 7 11 8 . Track 19 | . . . . . . . . . 1 . . . . 1 . . 1 . . . . . . . . . . . . . . . . . 12 . 2 1 . . 1 . . Assimilate 32 | . 1 . . . . . 2 . 4 . . . . . 5 . . . . . . 1 . 3 . . . . 2 . . 1 . . 2 1 2 2 1 2 2 1 . Botnet 118 | . 6 1 . . 3 5 4 . 7 . . . . 2 5 . 4 . . . . 8 . 5 . . . . 4 . 5 12 1 . 11 3 7 6 . 5 7 7 . Detonate 1 | . . . . . . . . . . . . . . 1 . . . . . . . . . . . . . . . . . . . . . . . . . . . . . Operators 10 | . 1 . . . . . . . 1 . . . . . 1 . 1 . . . . 1 . 1 . . . . . . 1 . . . 1 . . 1 . . 1 . . Fabricators 44 | . . . . . . . 2 . 7 . . . . . 3 . 3 . . . . 3 . 3 . . . . 5 . 6 . . . . 3 . . . 3 6 . . Report 12 | . . . . . . . . . 1 . . . . . 1 . 1 . . . . 1 . 1 . . . . 1 . 2 . . . . 1 . . . 1 2 . . Prioritize 16 | . . . . . . . 1 . 3 . . . . . 1 . 1 . . . . 1 . 1 . . . . 2 . 2 . . . . 1 . . . 1 2 . . Siphon 16 | . . . . . . . 1 . 3 . . . . . 1 . 1 . . . . 1 . 1 . . . . 2 . 2 . . . . 1 . . . 1 2 . . Repair Stations . | . . . . . . . . . . . . . . . . . . . . . . . . . . . . . . . . . . . . . . . . . . . . Recycling Units 2 | . 2 . . . . . . . . . . . . . . . . . . . . . . . . . . . . . . . . . . . . . . . . . . Tunnel 2 | . 2 . . . . . . . . . . . . . . . . . . . . . . . . . . . . . . . . . . . . . . . . . . Scanalyzers . | . . . . . . . . . . . . . . . . . . . . . . . . . . . . . . . . . . . . . . . . . . . . Garrison Access . | . . . . . . . . . . . . . . . . . . . . . . . . . . . . . . . . . . . . . . . . . . . . Data Cores Recovered 3 | . . . . . . . . . . . . . . . . . 1 . . . . 1 . . . . . . . . . . . . . . . 1 . . . . . Used 2 | . . . . . . . . . . . . . . . . . 1 . . . . . . . . . . . . . . . . . . . . 1 . . . . . Hacking Detections 101 | . 4 1 . . 7 7 5 . 9 . . . . . 6 . 4 1 . . . 7 . 4 . . . . 4 . 5 1 . . 6 4 2 5 1 4 8 6 . Full Trace Events 7 | . . . . . . . . . . . . . . . 1 . 1 . . . . . . 1 . . . . . . 1 . . . . 1 . . . 1 1 . . Feedback Events . | . . . . . . . . . . . . . . . . . . . . . . . . . . . . . . . . . . . . . . . . . . . . Feedback Blocked . | . . . . . . . . . . . . . . . . . . . . . . . . . . . . . . . . . . . . . . . . . . . . Robot Schematics Acquired 7 | . . . . . . . . . . . . . . . . . . . . 7 . . . . . . . . . . . . . . . . . . . . . . . Robots Built . | . . . . . . . . . . . . . . . . . . . . . . . . . . . . . . . . . . . . . . . . . . . . Matter . | . . . . . . . . . . . . . . . . . . . . . . . . . . . . . . . . . . . . . . . . . . . . Time . | . . . . . . . . . . . . . . . . . . . . . . . . . . . . . . . . . . . . . . . . . . . . Total Robot Build Rating . | . . . . . . . . . . . . . . . . . . . . . . . . . . . . . . . . . . . . . . . . . . . . Part Schematics Acquired 50 | . . . . . 2 . 4 . . . . . . 2 6 . 3 1 . 10 . 3 . 6 . . . . 1 . 2 . . . . 2 1 . 1 1 5 . . Parts Built 50 | . . . . . . . 4 . 6 . . . . . 8 . 6 . . . . 3 . 3 . . . . 6 . 4 . . . . 2 . . . 5 3 . . Matter 10734 | . . . . . . . 689 . 797 . . . . . 1099 . 734 . . . . 794 . 636 . . . . 1332 . 1228 . . . . 729 . . . 1616 1080 . . Time 3016 | . . . . . . . 265 . 220 . . . . . 381 . 244 . . . . 337 . 275 . . . . 263 . 373 . . . . 111 . . . 322 225 . . Total Part Build Rating 342 | . . . . . . . 24 . 34 . . . . . 44 . 46 . . . . 18 . 18 . . . . 44 . 28 . . . . 18 . . . 43 25 . . Parts Repaired 1 | . . . . . . . . . 1 . . . . . . . . . . . . . . . . . . . . . . . . . . . . . . . . . . Time 39 | . . . . . . . . . 39 . . . . . . . . . . . . . . . . . . . . . . . . . . . . . . . . . . Parts Recycled . | . . . . . . . . . . . . . . . . . . . . . . . . . . . . . . . . . . . . . . . . . . . . Recycled Matter 173 | . . . . . . . . . . . . . . . . . . . . . . . . . . . . . 173 . . . . . . . . . . . . . . Retrieved Matter 308 | . . . . . . . . . . . . . . . . . . . . . . . . . . . . . 308 . . . . . . . . . . . . . . Retrieved Components 16 | . 1 . . . 5 . . . . . . . . . . . 10 . . . . . . . . . . . . . . . . . . . . . . . . . . Parts Scanalyzed 4 | . . . . . 1 . 1 . . . . . . . . . 1 . . . . . . . . . . . 1 . . . . . . . . . . . . . . Part Schematics Acquired 4 | . . . . . 1 . 1 . . . . . . . . . 1 . . . . . . . . . . . 1 . . . . . . . . . . . . . . Parts Damaged . | . . . . . . . . . . . . . . . . . . . . . . . . . . . . . . . . . . . . . . . . . . . . Bothacking | -11 -10 -10 -10 -9 -8 -8 -7 -7 -7 -7 -7 -7 -7 -6 -6 -6 -6 -6 -6 -6 -5 -5 -5 -5 -5 -5 -5 -4 -4 -4 -4 -4 -4 -4 -4 -3 -3 -3 -2 -2 -1 -1 -1 ------------ Run | Scr Mat Min Exi Min Mat Sto Fac Was Fac Low Low Zio Dee Pro Fac Was Fac Low Low Dat Pro Fac Was Fac Upp Upp War Pro Fac Was Fac Ext Cet Arc Hub Res Qua Sec Res Tes Acc Com Ac0 Used RIF Installer . | . . . . . . . . . . . . . . . . . . . . . . . . . . . . . . . . . . . . . . . . . . . . Robots Hacked 4 | . . . . . . . 1 . . . . . . . 1 . . . . . . 1 . . . . . . 1 . . . . . . . . . . . . . . Non-combat 4 | . . . . . . . 1 . . . . . . . 1 . . . . . . 1 . . . . . . 1 . . . . . . . . . . . . . . Combat . | . . . . . . . . . . . . . . . . . . . . . . . . . . . . . . . . . . . . . . . . . . . . Robot Hacks Applied 4 | . . . . . . . 1 . . . . . . . 1 . . . . . . 1 . . . . . . 1 . . . . . . . . . . . . . . find_chute 4 | . . . . . . . 1 . . . . . . . 1 . . . . . . 1 . . . . . . 1 . . . . . . . . . . . . . . Relay Couplers Released 5 | . . . . . . . . . . . . . . . . . . . . . . . . . . . . . . . . . . . . . . . 3 2 . . . Machine Destruction 2 | . . . . . . . . . . . . . . . . . . . . . . . . . . . . . . . . . . . . . . . 2 . . . . Programmers 3 | . . . . . . . . . . . . . . . . . . . . . . . . . . . . . . . . . . . . . . . 1 2 . . . Robots Rewired 32 | . . . . . . . . . . . . . . 10 . . . . . . 2 . . . 1 . . . . . . 19 . . . . . . . . . . . Allies Hacked 5 | . . . . . . . . . . . . . . . . . . . . . . . . . . . . . 1 . . . . . . . . . . . . 4 . Hacks Repelled 2 | . . . . . . . . . . . . . . . . . . . . . . . . . . . . . . . . . . . . . 1 1 . . . . . Allies | -11 -10 -10 -10 -9 -8 -8 -7 -7 -7 -7 -7 -7 -7 -6 -6 -6 -6 -6 -6 -6 -5 -5 -5 -5 -5 -5 -5 -4 -4 -4 -4 -4 -4 -4 -4 -3 -3 -3 -2 -2 -1 -1 -1 -------- Run | Scr Mat Min Exi Min Mat Sto Fac Was Fac Low Low Zio Dee Pro Fac Was Fac Low Low Dat Pro Fac Was Fac Upp Upp War Pro Fac Was Fac Ext Cet Arc Hub Res Qua Sec Res Tes Acc Com Ac0 Total Allies 185 | . 1 . . 2 . 10 2 20 3 . . . . 10 3 20 . . . . 2 1 . 3 1 . . . 2 . 2 25 5 . 2 1 2 1 1 1 2 63 . Largest Group 31 | . 1 1 1 2 1 10 3 20 1 1 . . . 9 3 23 8 6 4 3 3 1 . 3 3 1 . . 2 1 2 21 23 6 7 1 2 2 1 1 2 31 . Highest-Rated Group 1500 | . 10 10 10 38 7 173 48 548 26 26 . . . 220 73 799 198 148 98 73 105 26 . 62 56 22 . . 52 26 92 948 1340 626 512 26 88 88 44 26 88 1500 . Highest-Rated Ally 156 | . 10 10 10 31 7 29 16 35 26 26 . . . 38 26 50 26 26 26 26 49 26 . 26 30 22 . . 26 26 46 156 156 156 94 26 44 44 44 26 44 90 . Total Orders 33 | . . . . . . . . . 4 . . . . . . . . . 2 . 3 . . 2 1 . . . 2 . . . 4 . . . 6 4 . 2 2 1 . STAY 2 | . . . . . . . . . . . . . . . . . . . 1 . . . . 1 . . . . . . . . . . . . . . . . . . . GOTO 17 | . . . . . . . . . 2 . . . . . . . . . . . 2 . . . 1 . . . 1 . . . 3 . . . 3 2 . 1 1 1 . FOLLOW 14 | . . . . . . . . . 2 . . . . . . . . . 1 . 1 . . 1 . . . . 1 . . . 1 . . . 3 2 . 1 1 . . Ally Attacks 556 | . . . . 8 . 7 2 . . . . . . 31 7 . 20 38 4 . 2 . . . . . . . . . . 46 35 5 17 . . . . . . 334 . Total Damage 13517 | . . . . 143 . 90 34 . . . . . . 375 74 . 369 618 36 . 44 . . . . . . . . . . 1487 1116 228 672 . . . . . . 8231 . Kills 65 | . . . . 2 . 1 . . . . . . . 3 1 . 1 6 . . . . . . . . . . . . . 7 7 1 2 . . . . . . 34 . Allies Corrupted 12 | . . . . . . . . . 1 . . . . . . . . . . . . . . . . . . . . . . . . . 4 . . . . . . 7 . Allies Melted . | . . . . . . . . . . . . . . . . . . . . . . . . . . . . . . . . . . . . . . . . . . . . Intel | -11 -10 -10 -10 -9 -8 -8 -7 -7 -7 -7 -7 -7 -7 -6 -6 -6 -6 -6 -6 -6 -5 -5 -5 -5 -5 -5 -5 -4 -4 -4 -4 -4 -4 -4 -4 -3 -3 -3 -2 -2 -1 -1 -1 ------- Run | Scr Mat Min Exi Min Mat Sto Fac Was Fac Low Low Zio Dee Pro Fac Was Fac Low Low Dat Pro Fac Was Fac Upp Upp War Pro Fac Was Fac Ext Cet Arc Hub Res Qua Sec Res Tes Acc Com Ac0 Robot Analysis Total . | . . . . . . . . . . . . . . . . . . . . . . . . . . . . . . . . . . . . . . . . . . . . Derelict Logs Recovered 18 | . . 1 . 3 . . . . . 1 . 1 . 2 . . . 1 2 . 3 . . . 1 1 . 2 . . . . . . . . . . . . . . . Drone Launches 2 | . . . . . . . . . . . . . . . . . . . . . . . . . . . . . . . . . . . . . . . . . . 2 . Drone Recoveries . | . . . . . . . . . . . . . . . . . . . . . . . . . . . . . . . . . . . . . . . . . . . . Exploration | -11 -10 -10 -10 -9 -8 -8 -7 -7 -7 -7 -7 -7 -7 -6 -6 -6 -6 -6 -6 -6 -5 -5 -5 -5 -5 -5 -5 -4 -4 -4 -4 -4 -4 -4 -4 -3 -3 -3 -2 -2 -1 -1 -1 ------------- Run | Scr Mat Min Exi Min Mat Sto Fac Was Fac Low Low Zio Dee Pro Fac Was Fac Low Low Dat Pro Fac Was Fac Upp Upp War Pro Fac Was Fac Ext Cet Arc Hub Res Qua Sec Res Tes Acc Com Ac0 Turns Passed 25821 | 45 635 206 74 549 1134 611 640 188 1216 106 299 1296 246 403 1172 72 409 219 280 61 266 1165 108 581 173 179 408 101 936 105 726 723 255 1219 442 931 503 827 1673 871 910 1465 1393 Spaces Moved 34169 | 38 631 308 125 545 1383 658 858 331 1417 194 415 1036 519 471 970 155 315 400 519 105 381 1231 241 783 246 281 511 298 977 222 879 1056 298 188 984 823 905 1315 2247 1284 1601 3465 2560 Core 27 | 13 . . . . . . . . . . . . . 9 . . . . . . . . . . . . . . . . . 5 . . . . . . . . . . . Treads . | . . . . . . . . . . . . . . . . . . . . . . . . . . . . . . . . . . . . . . . . . . . . Legs 157 | 25 132 . . . . . . . . . . . . . . . . . . . . . . . . . . . . . . . . . . . . . . . . . . Wheels . | . . . . . . . . . . . . . . . . . . . . . . . . . . . . . . . . . . . . . . . . . . . . Hover . | . . . . . . . . . . . . . . . . . . . . . . . . . . . . . . . . . . . . . . . . . . . . Flight 33985 | . 499 308 125 545 1383 658 858 331 1417 194 415 1036 519 462 970 155 315 400 519 105 381 1231 241 783 246 281 511 298 977 222 879 1051 298 188 984 823 905 1315 2247 1284 1601 3465 2560 Fastest Speed 6 | 50 37 34 40 34 32 29 29 29 29 34 34 34 34 34 34 34 34 34 34 34 34 27 27 26 26 26 26 26 20 20 20 26 20 26 20 23 20 11 11 21 6 6 6 Average Speed 27 | 101 54 36 40 36 33 30 29 29 31 34 34 34 34 36 34 34 34 34 34 34 34 31 27 26 26 26 26 26 25 21 25 26 25 26 25 24 23 22 22 21 20 20 20 Slowest Speed 150 | 150 120 40 40 40 120 34 29 29 102 34 34 34 34 150 114 34 34 34 34 34 34 34 27 27 26 26 26 26 26 26 26 150 26 26 26 26 83 23 83 23 21 21 21 Overloaded Moves 510 | . . . . . . . . . . . . . . . . . . . . . . . . . . . . . 10 169 3 . 6 . 121 . 1 26 111 . 6 51 6 Propulsion Burnouts . | . . . . . . . . . . . . . . . . . . . . . . . . . . . . . . . . . . . . . . . . . . . . Robots Hopped 245 | . 5 6 . 6 15 11 9 2 8 . 3 . . 11 13 . 1 . 1 . 1 18 . 4 1 . . 2 6 1 7 23 . 3 13 3 . 2 13 11 29 12 5 Cave-ins Triggered 2 | . . . . . . . . . . . . . . . . . . . . . . . . . . . . . . . . . . . . . . 1 . . . . 1 Teleports 1 | . . . . . . . . . . . . . . . . . . . . . . . . . . . . . . . . . . . . . . . . . . 1 . Exploration Rate (%) 58 | 4 93 59 50 78 91 96 19 88 37 40 57 88 72 56 25 85 12 65 67 71 66 31 89 15 45 50 54 52 23 85 18 84 59 81 78 20 71 80 30 91 32 81 86 Regions Visited 43 Branch Regions 26 Pre-discovered Areas 5 | . 2 . . . . . . . . . . 1 . . . . . . 1 1 . . . . . . . . . . . . . . . . . . . . . . . Known Exits Taken 31 | . 1 . . . 1 1 . . 1 1 1 1 1 1 . . 1 1 1 1 1 . . 1 1 1 1 1 . . 1 1 1 1 1 1 1 1 1 1 1 1 . Unknown Exits Taken 4 | 1 . 1 1 1 . . . . . . . . . . . . . . . . . . . . . . . . . . . . . . . . . . . . . . . Scrap Searched 16 | . . . . 1 . . . . . . 1 1 . 1 . . . 3 2 . 2 . . . . 2 . 3 . . . . . . . . . . . . . . . Spaces Dug 117 | . . . . . 1 7 2 2 14 . 9 . . 11 6 . . . . . . . . . . . . . 4 . . . . . 4 . 4 8 4 5 15 18 3 Terrain Destroyed 952 | . . . . . 29 26 3 4 67 4 30 1 14 16 23 . . . . . . 5 . . . . . . 61 . . . . . 482 . 4 8 4 54 36 78 3 Melee 66 | . . . . . 1 . . . . . . . . . . . . . . . . . . . . . . . 4 . . . . . 4 . 4 8 4 5 15 18 3 Projectile 111 | . . . . . . 8 3 4 30 4 20 1 5 16 20 . . . . . . . . . . . . . . . . . . . . . . . . . . . . AOE 775 | . . . . . 28 18 . . 37 . 10 . 9 . 3 . . . . . . 5 . . . . . . 57 . . . . . 478 . . . . 49 21 60 . Actions | -11 -10 -10 -10 -9 -8 -8 -7 -7 -7 -7 -7 -7 -7 -6 -6 -6 -6 -6 -6 -6 -5 -5 -5 -5 -5 -5 -5 -4 -4 -4 -4 -4 -4 -4 -4 -3 -3 -3 -2 -2 -1 -1 -1 --------- Run | Scr Mat Min Exi Min Mat Sto Fac Was Fac Low Low Zio Dee Pro Fac Was Fac Low Low Dat Pro Fac Was Fac Upp Upp War Pro Fac Was Fac Ext Cet Arc Hub Res Qua Sec Res Tes Acc Com Ac0 Total 47263 | 42 804 366 148 812 1764 928 1207 394 2135 212 525 1881 567 644 1745 168 595 453 581 122 468 1873 268 1123 308 348 715 309 1547 253 1279 1404 440 1325 1091 1468 1137 1698 3224 1800 2043 3970 3079 Wait 10062 | . 79 43 24 209 158 148 304 35 651 6 45 751 11 102 733 6 257 32 38 14 49 531 13 322 25 30 129 5 470 10 314 241 107 1108 65 545 137 248 815 444 373 256 179 Move 33672 | 37 620 296 124 533 1352 636 840 326 1400 193 408 1035 518 456 944 154 312 399 516 104 378 1199 240 774 243 280 510 293 965 219 864 1014 297 181 958 816 904 1309 2226 1262 1548 3440 2549 Hop 211 | . 5 5 . 5 15 10 9 2 8 . 3 . . 3 13 . 1 . 1 . 1 14 . 4 1 . . 2 6 1 7 18 . 3 12 3 . 2 7 10 23 12 5 Pick Up 47 | . 3 1 . 1 6 2 1 1 2 . . . . . 2 1 1 . . . . 3 1 . 1 . . . 1 . . . . 1 2 . 8 1 . 3 1 2 2 Fast Attach 172 | 5 7 1 . 3 20 13 3 5 8 . 1 5 1 6 4 2 4 . . . . 4 . 1 . . 11 . 3 . 3 . . 3 . 4 5 11 10 8 2 9 10 Attach 14 | . . . . . 2 . . . 1 . . . . . 2 . . . . . . 1 . . . . . . . . . . 1 1 . . 3 . . 1 1 1 . Detach 1 | . . . . . 1 . . . . . . . . . . . . . . . . . . . . . . . . . . . . . . . . . . . . . . Swap 119 | . 1 . . . 10 4 9 . 2 . 2 1 2 . 5 . 1 . . . . 3 2 2 . . . . 8 . 2 . . 1 2 2 8 10 5 7 2 6 22 Drop 176 | . 5 2 . 2 26 16 4 5 9 . . 3 1 6 5 2 5 . . . . 5 1 1 1 . 12 . 4 . 1 . . 4 1 4 12 6 8 11 3 9 2 Fire 1694 | . 58 13 . 35 124 58 15 14 36 13 28 60 15 30 31 3 11 16 22 4 26 62 8 15 25 21 40 5 58 15 54 43 21 18 42 46 28 70 101 34 59 138 179 Melee 140 | . . . . . 1 . . . . . . . . . . . . . . . . . . . . . . . 4 . . . . . 4 4 10 13 5 13 16 29 41 Ram . | . . . . . . . . . . . . . . . . . . . . . . . . . . . . . . . . . . . . . . . . . . . . Kick . | . . . . . . . . . . . . . . . . . . . . . . . . . . . . . . . . . . . . . . . . . . . . Crush . | . . . . . . . . . . . . . . . . . . . . . . . . . . . . . . . . . . . . . . . . . . . . Escape Stasis 66 | . . . . . . . 18 . 18 . . . . . . . . . . . . 11 . . . . . . . . . 18 . . . . . 1 . . . . . Rewire 76 | . . . . . . . . . . . . . . 20 . . . . . . 8 . . . 4 . . . . . . 44 . . . . . . . . . . . Trap 3 | . . . . . . . . . . . 3 . . . . . . . . . . . . . . . . . . . . . . . . . . . . . . . . Miscellaneous 810 | . 26 5 . 24 49 41 4 6 . . 35 26 19 21 6 . 3 6 4 . 6 40 3 4 8 17 13 4 28 8 34 26 14 5 5 44 22 27 47 7 15 68 90 Route ------- -11/Scrapyard -10/Materials (discovered 3 exits: [*Mat x2] / *Min) -10/Mines (discovered 2 exits: [*Mat] / [*Exi]) -10/Exiles -9/Mines (discovered 2 exits: *Mat x2) -8/Materials (discovered 4 exits: *Fac x3 / *Sto) -8/Storage -7/Factory (discovered 3 exits: *Fac / Low x2) -7/Waste -7/Factory (discovered 3 exits: *Fac / *Low x2) -7/Lower Caves -7/Lower Caves -7/Zion -7/Deep Caves -6/Proximity Caves -6/Factory (discovered 2 exits: *Low x2) -6/Waste -6/Factory (discovered 2 exits: *Low x2) -6/Lower Caves -6/Lower Caves (discovered 2 exits: *Fac / *Dat) -6/Data Miner -5/Proximity Caves -5/Factory (discovered 4 exits: *Fac x2 / *Upp x2) -5/Waste -5/Factory (discovered 4 exits: *Fac x2 / *Upp x2) -5/Upper Caves -5/Upper Caves -5/Warlord -4/Proximity Caves -4/Factory (discovered 3 exits: *Res / *Upp / Ext) -4/Waste -4/Factory (discovered 4 exits: Upp x2 / *Ext x2) -4/Extension (discovered 3 exits: *Res x2 / *Cet) -4/Cetus -4/Archives (discovered 3 exits: *Res / *Hub x2) -4/Hub_04(d) (discovered 4 exits: *Res x4) -3/Research (discovered 4 exits: *Res / Arm / *Qua / Gar) -3/Quarantine (discovered 2 exits: *Res / *Sec) -3/Section 7 -2/Research (discovered 3 exits: *Acc / *Tes x2) -2/Testing -1/Access -1/Command (discovered 2 exits: *Sur / *Ac0) -1/Access_0 History --------- Turn | Location | Event 1 | -11/Scrapyard | Upgraded with Propulsion slot (x1) 1 | -11/Scrapyard | Upgraded with Utility slot (x2) 1 | -11/Scrapyard | Upgraded with Weapon slot (x1) 8 | -11/Scrapyard | Discovered new exit (range 15) 46 | -11/Scrapyard | Entered Materials 55 | -10/Materials | Identified exit to Mines 325 | -10/Materials | Build established: Mutant 366 | -10/Materials | Reached level 2 372 | -10/Materials | Upgraded with Weapon slot (x1) 428 | -10/Materials | Discovered new exit (range 13) 572 | -10/Materials | Discovered new exit (range 5) 681 | -10/Materials | Entered Mines 681 | -10/Mines | Accompanied by 1 ally 691 | -10/Mines | Build established: Scavenger-Gunner 699 | -10/Mines | Learned Materials emergency access door positions 714 | -10/Mines | Discovered new exit (range 4) 727 | -10/Mines | Received a Rocket Launcher from a helpful Derelict 741 | -10/Mines | Reached level 3 751 | -10/Mines | Upgraded with Propulsion slot (x1) 765 | -10/Mines | Deemed a non-threat by the Exiles lab entrance 765 | -10/Mines | Discovered new exit (range 5) 887 | -10/Mines | Entered Exiles 887 | -10/Exiles | Accompanied by 1 ally 898 | -10/Exiles | Met 8R-AWN 904 | -10/Exiles | Met EX-HEX 919 | -10/Exiles | Met EX-DEC 934 | -10/Exiles | Discovered new exit (range 10) 961 | -10/Exiles | Entered Mines 961 | -9/Mines | Accompanied by 1 ally 988 | -9/Mines | Excavation squad dispatched 988 | -9/Mines | A large section of the Mines collapsed 1169 | -9/Mines | Reached level 4 1211 | -9/Mines | Upgraded with Utility slot (x1) 1238 | -9/Mines | Excavation squad dispatched 1269 | -9/Mines | Learned Materials non-interactive machine intel 1310 | -9/Mines | Learned Materials machine intel 1406 | -9/Mines | Discovered new exit (range 7) 1407 | -9/Mines | Discovered new exit (range 10) 1510 | -9/Mines | Entered Materials 1510 | -8/Materials | Accompanied by 1 ally 1511 | -8/Materials | Identified exit to Factory 1512 | -8/Materials | Reached level 5 1512 | -8/Materials | Upgraded with Utility slot (x1) 1513 | -8/Materials | Loaded intel: 72 machine locations 1514 | -8/Materials | Loaded intel: 53 non-interactive machine locations 1600 | -8/Materials | Reached level 6 1908 | -8/Materials | Build established: Scavenger-Sprinter 1967 | -8/Materials | Reached level 7 2114 | -8/Materials | Identified exit to Storage 2114 | -8/Materials | Discovered exit to Factory (range 16) 2145 | -8/Materials | Garrison activated, responded to threat 2149 | -8/Materials | Reached level 8 2232 | -8/Materials | Destroyed 7 combat bots 2277 | -8/Materials | Upgraded with Utility slot (x1) 2293 | -8/Materials | Reached level 9 2342 | -8/Materials | Discovered exit to Factory (range 3) 2644 | -8/Materials | Entered Storage 2646 | -8/Storage | Reached level 10 2648 | -8/Storage | Upgraded with Utility slot (x1) 2777 | -8/Storage | Build established: Hacker-Gunner 2868 | -8/Storage | Reached level 11 2912 | -8/Storage | Upgraded with Utility slot (x1) 3044 | -8/Storage | First assault squad dispatched 3064 | -8/Storage | Assisted by bots powering up and referring to "LRC-V3" 3187 | -8/Storage | Reached level 12 3219 | -8/Storage | Discovered exit to Factory (range 17) 3255 | -8/Storage | Entered Factory 3255 | -7/Factory | Accompanied by 3 allies 3257 | -7/Factory | Reached level 13 3257 | -7/Factory | Upgraded with Power slot (x1) 3264 | -7/Factory | Discovered new exit (range 12) 3280 | -7/Factory | Identified exit to Factory 3304 | -7/Factory | Identified exit to Lower Caves 3429 | -7/Factory | Fabricated Adv. Hacking Suite (x1) 3485 | -7/Factory | Fabricated Adv. Hacking Suite (x1) 3540 | -7/Factory | Fabricated Adv. Hacking Suite (x1) 3561 | -7/Factory | Local fabrication network quarantined 3595 | -7/Factory | Fabricated Adv. Hacking Suite (x1) 3635 | -7/Factory | Build established: Wizard-Scout 3895 | -7/Factory | Manually triggered Chute Trap 3895 | -7/Factory | Sucked down chute 3895 | -7/Factory | Entered Waste 3896 | -7/Waste | Joined by Warlord forces that had cleared the area 3991 | -7/Waste | Discovered new exit (range 18) 4083 | -7/Waste | Identified exit to Factory 4083 | -7/Waste | Entered Factory 4085 | -7/Factory | Reached level 14 4085 | -7/Factory | Upgraded with Utility slot (x1) 4244 | -7/Factory | Fabricated Field Propulsion Drive? 4302 | -7/Factory | Fabricated Cld. Plasma Cannon (x1) 4387 | -7/Factory | Repaired Broken Mic. Fission Core 4429 | -7/Factory | Reached level 15 4466 | -7/Factory | Central database locked down 4883 | -7/Factory | Fabricated Cld. Plasma Cannon? 5158 | -7/Factory | Fabricated Field Propulsion Drive (x2) 5189 | -7/Factory | Discovered exit to Factory (range 17) 5299 | -7/Factory | Entered Lower Caves 5299 | -7/Lower Caves | Accompanied by 1 ally 5334 | -7/Lower Caves | Core integrity fell below 50% 5380 | -7/Lower Caves | Encountered a Warlord checkpoint 5401 | -7/Lower Caves | Discovered new exit (range 12) 5404 | -7/Lower Caves | Identified exit to Lower Caves 5405 | -7/Lower Caves | Entered another Lower Caves area 5438 | -7/Lower Caves | Attracted the attention of an 0b10 outpost 5487 | -7/Lower Caves | Spotted B-75 Beast 5528 | -7/Lower Caves | Reached level 16 5553 | -7/Lower Caves | Upgraded with Utility slot (x1) 5604 | -7/Lower Caves | Destroyed B-75 Beast 5702 | -7/Lower Caves | Discovered new exit (range 5) 5703 | -7/Lower Caves | Identified exit to Zion 5704 | -7/Lower Caves | Entered Zion 5720 | -7/Zion | System corruption cleaned by Quarantine Array 5744 | -7/Zion | Learned Factory stockpile data 5749 | -7/Zion | Given A8's code to call for help 5831 | -7/Zion | Acquired unknown access codes intercepted by a Zionite 5850 | -7/Zion | Learned location of Quarantine (-3) 5977 | -7/Zion | Attacked by Zionites 5978 | -7/Zion | Destroyed Imprinter 6015 | -7/Zion | Extracted access codes from Imprinter's data core 6166 | -7/Zion | Opened final containment barrier to the Deep Caves 6381 | -7/Zion | Discovered new exit (range 5) 6382 | -7/Zion | Saw the warning signs outside the Deep Caves entrance 6382 | -7/Zion | Identified exit to Deep Caves 7000 | -7/Zion | Entered Deep Caves 7057 | -7/Deep Caves | Z-Facility disabled 7213 | -7/Deep Caves | Discovered new exit (range 6) 7245 | -7/Deep Caves | Identified exit to Proximity Caves 7246 | -7/Deep Caves | Entered Proximity Caves 7248 | -6/Proximity Caves | Reached level 17 7392 | -6/Proximity Caves | Learned 4 Factory zone layouts 7409 | -6/Proximity Caves | Snuck into a huge 0b10 base via the rear entrance 7616 | -6/Proximity Caves | Reached level 18 7621 | -6/Proximity Caves | Upgraded with Weapon slot (x1) 7649 | -6/Proximity Caves | Entered Factory 7649 | -6/Factory | Accompanied by 2 allies 7670 | -6/Factory | Identified exit to Lower Caves 8062 | -6/Factory | Fabricated Hyp. Coil Gun (x2) 8121 | -6/Factory | Fabricated Hyp. Coil Gun (x2) 8171 | -6/Factory | Fabricated Imp. Target Analyzer? 8256 | -6/Factory | Fabricated Exp. Signal Interpreter (x1) 8358 | -6/Factory | Fabricated Exp. Targeting Computer (x1) 8726 | -6/Factory | Fabricated Exp. Targeting Computer (x1) 8743 | -6/Factory | Spotted B-75 Beast 8782 | -6/Factory | Reached level 19 8789 | -6/Factory | Upgraded with Utility slot (x1) 8821 | -6/Factory | Manually triggered Chute Trap 8821 | -6/Factory | Sucked down chute 8821 | -6/Factory | Entered Waste 8822 | -6/Waste | Joined by Warlord forces that had cleared the area 8860 | -6/Waste | 3 allies followed down the chute 8885 | -6/Waste | Discovered new exit (range 13) 8889 | -6/Waste | Identified exit to Factory 8893 | -6/Waste | Entered Factory 8893 | -6/Factory | Accompanied by 9 allies 8950 | -6/Factory | Spotted B-75 Beast 8964 | -6/Factory | Destroyed B-75 Beast 9044 | -6/Factory | Fabricated Hyp. Railgun (x2) 9114 | -6/Factory | Fabricated Hyp. Railgun (x2) 9178 | -6/Factory | Fabricated Adv. Target Analyzer (x1) 9194 | -6/Factory | Local fabrication network quarantined 9241 | -6/Factory | Fabricated Adv. Armor Integrity Analyzer (x1) 9243 | -6/Factory | First assault squad dispatched 9302 | -6/Factory | Entered Lower Caves 9302 | -6/Lower Caves | Accompanied by 6 allies 9304 | -6/Lower Caves | Reached level 20 9324 | -6/Lower Caves | Identified exit to Lower Caves 9360 | -6/Lower Caves | Learned Armory trap positions 9360 | -6/Lower Caves | Learned Armory terminal intel 9418 | -6/Lower Caves | Spotted B-75 Beast 9428 | -6/Lower Caves | Allies destroyed B-75 Beast 9521 | -6/Lower Caves | Entered another Lower Caves area 9521 | -6/Lower Caves | Accompanied by 4 allies 9551 | -6/Lower Caves | Discovered new exit (range 8) 9756 | -6/Lower Caves | Learned Factory terminal intel 9783 | -6/Lower Caves | Discovered new exit (range 7) 9797 | -6/Lower Caves | Identified exit to Data Miner 9801 | -6/Lower Caves | Entered Data Miner 9801 | -6/Data Miner | Accompanied by 3 allies 9801 | -6/Data Miner | Discovered new exit (range 6) 9807 | -6/Data Miner | Met Data Miner 9816 | -6/Data Miner | Learned location of Section 7 (-3) 9816 | -6/Data Miner | Acquired the access code to Warlord's prototype stash 9821 | -6/Data Miner | Received God Mode back door access code from Data Miner 9858 | -6/Data Miner | Identified exit to Proximity Caves 9862 | -6/Data Miner | Entered Proximity Caves 9862 | -5/Proximity Caves | Accompanied by 3 allies 9864 | -5/Proximity Caves | Reached level 21 9900 | -5/Proximity Caves | Destroyed 9 combat bots 9974 | -5/Proximity Caves | Attracted the attention of an 0b10 outpost 10005 | -5/Proximity Caves | Learned Factory emergency access door positions 10014 | -5/Proximity Caves | Destroyed 7 combat bots 10065 | -5/Proximity Caves | Learned 4 Factory zone layouts 10067 | -5/Proximity Caves | Learned Factory interactive machine intel 10113 | -5/Proximity Caves | Discovered new exit (range 10) 10119 | -5/Proximity Caves | Identified exit to Factory 10128 | -5/Proximity Caves | Entered Factory 10129 | -5/Factory | Identified exit to Upper Caves 10130 | -5/Factory | Reached level 22 10130 | -5/Factory | Upgraded with Utility slot (x1) 10132 | -5/Factory | Loaded intel: 46 interactive machine locations 10133 | -5/Factory | Loaded intel: 20 terminal locations 10235 | -5/Factory | Discovered new exit (range 14) 10242 | -5/Factory | Identified exit to Factory 10274 | -5/Factory | Garrison activated, responded to threat 10539 | -5/Factory | Discovered exit to Factory (range 5) 10798 | -5/Factory | Fabricated Cld. Nuclear Pulse Thruster (x1) 10884 | -5/Factory | Fabricated Cld. Nuclear Pulse Thruster (x1) 10972 | -5/Factory | Fabricated Cld. Nuclear Pulse Thruster (x1) 11123 | -5/Factory | Local fabrication network quarantined 11150 | -5/Factory | Reached level 23 11168 | -5/Factory | Upgraded with Propulsion slot (x1) 11293 | -5/Factory | Manually triggered Chute Trap 11293 | -5/Factory | Sucked down chute 11293 | -5/Factory | Entered Waste 11293 | -5/Waste | The area was eerily silent 11303 | -5/Waste | Found Enh. Force Lance 11376 | -5/Waste | Discovered new exit (range 13) 11401 | -5/Waste | Identified exit to Factory 11401 | -5/Waste | Entered Factory 11559 | -5/Factory | Discovered exit to Factory (range 13) 11688 | -5/Factory | Fabricated Cld. Nuclear Pulse Thruster (x1) 11746 | -5/Factory | Fabricated Adv. System Shield (x1) 11796 | -5/Factory | Local fabrication network quarantined 11801 | -5/Factory | Fabricated Adv. System Shield (x1) 11867 | -5/Factory | Discovered exit to Factory (range 18) 11982 | -5/Factory | Entered Upper Caves 11982 | -5/Upper Caves | Accompanied by 3 allies 11997 | -5/Upper Caves | Spotted B-75 Beast 12024 | -5/Upper Caves | Destroyed B-75 Beast 12063 | -5/Upper Caves | Attracted the attention of an 0b10 outpost 12086 | -5/Upper Caves | Learned location of 1 exit from Factory 12111 | -5/Upper Caves | Discovered new exit (range 3) 12112 | -5/Upper Caves | Identified exit to Upper Caves 12137 | -5/Upper Caves | Encountered a Warlord checkpoint 12155 | -5/Upper Caves | Entered another Upper Caves area 12155 | -5/Upper Caves | Accompanied by 1 ally 12179 | -5/Upper Caves | Reached level 24 12220 | -5/Upper Caves | Destroyed 7 combat bots 12232 | -5/Upper Caves | Attracted the attention of an 0b10 checkpoint 12272 | -5/Upper Caves | Learned Factory stockpile data 12329 | -5/Upper Caves | Discovered new exit (range 6) 12331 | -5/Upper Caves | Identified exit to Warlord 12334 | -5/Upper Caves | Entered Warlord 12380 | -5/Warlord | Received a Watcher feed algorithm from an ecstatic Tinkerer 12384 | -5/Warlord | Met Warlord 12386 | -5/Warlord | Opened Warlord's prototype stash 12398 | -5/Warlord | Found Prototype Processor 12398 | -5/Warlord | Identified Exp. Target Analyzer 12409 | -5/Warlord | Warlord's base attacked by MAIN.C 12409 | -5/Warlord | Found Prototype Reactor 12409 | -5/Warlord | Identified Vortex Chain Reactor 12495 | -5/Warlord | Destroyed 9 combat bots 12596 | -5/Warlord | Destroyed 14 combat bots 12619 | -5/Warlord | Warlord forces counterattacked 12693 | -5/Warlord | Destroyed 15 combat bots 12714 | -5/Warlord | Spotted Executioner 12723 | -5/Warlord | Spotted Executioner 12727 | -5/Warlord | P-80 Master assimilated allied SI-W1H(b) 12728 | -5/Warlord | Destroyed Executioner 12731 | -5/Warlord | Discovered new exit (range 15) 12732 | -5/Warlord | Found Prototype Processor 12732 | -5/Warlord | Identified Exp. Core Analyzer 12741 | -5/Warlord | Identified exit to Proximity Caves 12742 | -5/Warlord | Entered Proximity Caves 12744 | -4/Proximity Caves | Reached level 25 12763 | -4/Proximity Caves | Learned location of 1 exit from Research 12816 | -4/Proximity Caves | Learned 12 Research zone layouts 12841 | -4/Proximity Caves | Discovered exit to Factory (range 10) 12843 | -4/Proximity Caves | Entered Factory 12844 | -4/Factory | Identified exit to Extension 12845 | -4/Factory | Identified exit to Research 12847 | -4/Factory | Discovered new exit (range 17) 13015 | -4/Factory | Destroyed 9 combat bots 13068 | -4/Factory | Fabricated Cld. Field Propulsion Drive (x1) 13095 | -4/Factory | P-70 Sage assimilated allied Administrator 7a 13116 | -4/Factory | Fabricated Cld. Field Propulsion Drive (x1) 13165 | -4/Factory | Fabricated Exp. System Shield? 13167 | -4/Factory | Reached level 26 13174 | -4/Factory | Upgraded with Utility slot (x1) 13387 | -4/Factory | Fabricated Exp. System Shield (x1) 13420 | -4/Factory | Fabricated Adv. Weapon Cycler (x2) 13640 | -4/Factory | Local fabrication network quarantined 13723 | -4/Factory | Destroyed 7 combat bots 13779 | -4/Factory | Sucked down chute 13779 | -4/Factory | Entered Waste 13782 | -4/Waste | Spotted C-40 Crusher 13785 | -4/Waste | Destroyed C-40 Crusher 13790 | -4/Waste | 4 allies followed down the chute 13794 | -4/Waste | EMP discharged 13794 | -4/Waste | System corruption reached 10% 13794 | -4/Waste | Spotted C-40 Crusher 13806 | -4/Waste | Destroyed 8 combat bots 13808 | -4/Waste | Spotted C-40 Crusher 13808 | -4/Waste | Spotted C-40 Crusher 13808 | -4/Waste | Destroyed C-40 Crusher 13816 | -4/Waste | Spotted C-40 Crusher 13816 | -4/Waste | Spotted C-40 Crusher 13824 | -4/Waste | Destroyed C-40 Crusher 13831 | -4/Waste | Destroyed C-40 Crusher 13838 | -4/Waste | Discovered new exit (range 18) 13850 | -4/Waste | Destroyed C-40 Crusher 13876 | -4/Waste | Identified exit to Factory 13884 | -4/Waste | Entered Factory 13884 | -4/Factory | Accompanied by 1 ally 13966 | -4/Factory | Identified exit to Upper Caves 14071 | -4/Factory | Fabricated Exp. System Shield (x1) 14104 | -4/Factory | Fabricated Exp. System Shield (x1) 14149 | -4/Factory | Spotted B-86 Titan 14246 | -4/Factory | Fabricated Exp. Cooling System (x1) 14354 | -4/Factory | Destroyed B-86 Titan 14375 | -4/Factory | Reached level 27 14488 | -4/Factory | Local fabrication network quarantined 14490 | -4/Factory | Fabricated Exp. Hacking Suite (x1) 14571 | -4/Factory | Allied Derelicts emerged from ambush trap array 14610 | -4/Factory | Entered Extension 14660 | -4/Extension | Rescued a captive Derelict 14768 | -4/Extension | Rescued a captive Derelict 14863 | -4/Extension | Spotted B-86 Titan 14892 | -4/Extension | Spotted B-86 Titan 15077 | -4/Extension | Discovered exit to Research (range 4) 15085 | -4/Extension | Disrupted transfer network 15128 | -4/Extension | Rescued a captive Derelict 15128 | -4/Extension | Rescued a captive Derelict 15148 | -4/Extension | Rescued A7 15272 | -4/Extension | Discovered exit to Research (range 10) 15273 | -4/Extension | Discovered new exit (range 6) 15274 | -4/Extension | Identified exit to Cetus 15333 | -4/Extension | Entered Cetus 15333 | -4/Cetus | Accompanied by 18 allies 15338 | -4/Cetus | Acquired a Cetus Manufacturing Module code from A7 15338 | -4/Cetus | Spotted Cetus Guard 15338 | -4/Cetus | Spotted Cetus Guard 15340 | -4/Cetus | Destroyed Cetus Guard 15340 | -4/Cetus | Destroyed Cetus Guard 15343 | -4/Cetus | Spotted Cetus Guard 15344 | -4/Cetus | Spotted Cetus Guard 15354 | -4/Cetus | Destroyed Cetus Guard 15357 | -4/Cetus | Allies destroyed Cetus Guard 15374 | -4/Cetus | Started Cetus Manufacturing Module 15378 | -4/Cetus | Discovered new exit (range 17) 15384 | -4/Cetus | Spotted Cetus Guard 15384 | -4/Cetus | Spotted Cetus Guard 15388 | -4/Cetus | Spotted Cetus Guard 15388 | -4/Cetus | Spotted Cetus Guard 15390 | -4/Cetus | Destroyed Cetus Guard 15395 | -4/Cetus | Destroyed Cetus Guard 15395 | -4/Cetus | Destroyed Cetus Guard 15399 | -4/Cetus | Manufactured an Enhanced Grunt 15405 | -4/Cetus | Allies destroyed Cetus Guard 15424 | -4/Cetus | Manufactured an Enhanced Grunt 15449 | -4/Cetus | Manufactured an Enhanced Grunt 15474 | -4/Cetus | Manufactured an Enhanced Grunt 15499 | -4/Cetus | Manufactured an Enhanced Grunt 15506 | -4/Cetus | Reached level 28 15566 | -4/Cetus | Upgraded with Utility slot (x1) 15575 | -4/Cetus | Identified exit to Archives 15588 | -4/Cetus | Entered Archives 15588 | -4/Archives | Accompanied by 6 allies 15615 | -4/Archives | Discovered new exit (range 18) 15632 | -4/Archives | Discovered new exit (range 18) 15659 | -4/Archives | Discovered exit to Research (range 14) 16778 | -4/Archives | Identified exit to Hub_04(d) 16807 | -4/Archives | Entered Hub_04(d) 16807 | -4/Hub_04(d) | Accompanied by 5 allies 16877 | -4/Hub_04(d) | Discovered exit to Research (range 3) 17138 | -4/Hub_04(d) | Network Hub disabled 17138 | -4/Hub_04(d) | Spotted Lightning 17138 | -4/Hub_04(d) | Spotted Lightning 17138 | -4/Hub_04(d) | Spotted Lightning 17156 | -4/Hub_04(d) | Spotted Lightning 17156 | -4/Hub_04(d) | Spotted Lightning 17156 | -4/Hub_04(d) | Spotted Lightning 17157 | -4/Hub_04(d) | Spotted Lightning 17158 | -4/Hub_04(d) | Spotted Lightning 17159 | -4/Hub_04(d) | Destroyed Lightning 17161 | -4/Hub_04(d) | Spotted Lightning 17163 | -4/Hub_04(d) | Spotted Lightning 17164 | -4/Hub_04(d) | Destroyed Lightning 17164 | -4/Hub_04(d) | Spotted Lightning 17165 | -4/Hub_04(d) | Spotted Lightning 17189 | -4/Hub_04(d) | Core integrity fell below 50% 17209 | -4/Hub_04(d) | Network Hub disabled 17221 | -4/Hub_04(d) | Network Hub disabled 17222 | -4/Hub_04(d) | Core integrity fell below 20% 17249 | -4/Hub_04(d) | Entered Research 17250 | -3/Research | Identified exit to Armory 17250 | -3/Research | Core integrity fell below 50% 17250 | -3/Research | Core integrity fell below 20% 17251 | -3/Research | Identified exit to Research 17251 | -3/Research | Identified exit to Quarantine 17251 | -3/Research | Reached level 29 17449 | -3/Research | Revision forces began assault on 0b10 17510 | -3/Research | Fabricated Cld. Q-thruster (x1) 17549 | -3/Research | Fabricated Cld. Q-thruster (x1) 17549 | -3/Research | Met up with Revision 17++ 17949 | -3/Research | Research terminal network offline 18058 | -3/Research | Local fabrication network quarantined 18085 | -3/Research | Destroyed Executioner 18148 | -3/Research | Identified exit to Garrison 18180 | -3/Research | Entered Quarantine 18182 | -3/Quarantine | Reached level 30 18198 | -3/Quarantine | Cryocooling Duct disabled 18213 | -3/Quarantine | Ambient heat levels rising (+20) 18213 | -3/Quarantine | Non-combat units ordered to evacuate 18239 | -3/Quarantine | Found Alien Impact Weapon 18298 | -3/Quarantine | Met incapacitated Sigix Warrior 18298 | -3/Quarantine | Lockdown squad dispatched 18299 | -3/Quarantine | Acquired the access code to the Sigix quarantine chamber 18300 | -3/Quarantine | Unlocked Sigix quarantine chamber 18360 | -3/Quarantine | Destroyed Lightning 18366 | -3/Quarantine | Destroyed Lightning 18366 | -3/Quarantine | Destroyed Lightning 18373 | -3/Quarantine | Found Prototype Device 18373 | -3/Quarantine | Identified EM Dispersion Field 18375 | -3/Quarantine | Found Prototype Device 18375 | -3/Quarantine | Identified Exp. Phase Shifter 18419 | -3/Quarantine | Found Alien Artifact 18516 | -3/Quarantine | Discovered exit to Research (range 16) 18549 | -3/Quarantine | Found Alien Artifact 18560 | -3/Quarantine | Identified Core Reset Matrix 18587 | -3/Quarantine | Identified Core Stripper 18602 | -3/Quarantine | Spotted Fortress 18607 | -3/Quarantine | Destroyed Fortress 18615 | -3/Quarantine | Found Exp. Force Field 18654 | -3/Quarantine | Discovered new exit (range 6) 18655 | -3/Quarantine | Identified exit to Section 7 18683 | -3/Quarantine | Entered Section 7 18683 | -3/Section 7 | Accompanied by 2 allies 18711 | -3/Section 7 | Spotted S7 Guard 18731 | -3/Section 7 | Found Alien Artifact 18731 | -3/Section 7 | Identified Integrated Heat Negator 18731 | -3/Section 7 | Installed Integrated Heat Negator, increased core heat dissipation (+2%) 18737 | -3/Section 7 | Destroyed S7 Guard 18796 | -3/Section 7 | P-80 Master assimilated allied Director 8b 18841 | -3/Section 7 | Found Alien Artifact 18841 | -3/Section 7 | Identified Integrity Redistributor 18841 | -3/Section 7 | Used Integrity Redistributor, redistributed integrity from core (-0) 18877 | -3/Section 7 | Crushed by falling debris 19169 | -3/Section 7 | Found Alien Artifact 19169 | -3/Section 7 | Identified Integrated Dissipator 19169 | -3/Section 7 | Installed Integrated Dissipator, increased core heat dissipation (+2%) 19189 | -3/Section 7 | Spotted Executioner 19192 | -3/Section 7 | Destroyed Executioner 19192 | -3/Section 7 | Destroyed Executioner 19208 | -3/Section 7 | Found Alien Artifact 19244 | -3/Section 7 | Reached level 31 19259 | -3/Section 7 | Spotted B-99 Colossus 19278 | -3/Section 7 | Found Alien Artifact 19278 | -3/Section 7 | Identified LRC Armor 19278 | -3/Section 7 | Installed LRC Armor, increased core integrity (+250) 19279 | -3/Section 7 | Found LRC Armor 19279 | -3/Section 7 | Installed LRC Armor, increased core integrity (+250) 19510 | -3/Section 7 | Entered Research 19510 | -2/Research | Warlord forces began assault on 0b10 19540 | -2/Research | Identified exit to Testing 19561 | -2/Research | Met up with Warlord 19594 | -2/Research | Reached level 32 19620 | -2/Research | Research machine network offline 19901 | -2/Research | Borebot progress halted 19922 | -2/Research | Borebot progress halted 19937 | -2/Research | Borebot progress halted 19939 | -2/Research | Borebot progress halted 19958 | -2/Research | Spotted Striker 19958 | -2/Research | Spotted Striker 19960 | -2/Research | Spotted Striker 19961 | -2/Research | Spotted Striker 19963 | -2/Research | Destroyed Striker 19963 | -2/Research | Destroyed Striker 19970 | -2/Research | Destroyed Striker 19972 | -2/Research | Destroyed Striker 20000 | -2/Research | Spotted Striker 20005 | -2/Research | Destroyed Striker 20018 | -2/Research | Borebot progress halted 20053 | -2/Research | Borebot progress halted 20076 | -2/Research | Destroyed 9 combat bots 20216 | -2/Research | Spotted Executioner 20217 | -2/Research | Destroyed Executioner 20219 | -2/Research | Spotted Executioner 20220 | -2/Research | Destroyed Executioner 20243 | -2/Research | Discovered new exit (range 17) 20274 | -2/Research | Build established: Machinist-Scout 20298 | -2/Research | Spotted B-90 Cyclops 20302 | -2/Research | Destroyed 11 combat bots 20391 | -2/Research | Spotted Striker 20392 | -2/Research | Destroyed Striker 20395 | -2/Research | Destroyed Executioner 20397 | -2/Research | Destroyed Executioner 20488 | -2/Research | Spotted Striker 20490 | -2/Research | Destroyed Striker 20506 | -2/Research | Reached level 33 20511 | -2/Research | Upgraded with Utility slot (x1) 20843 | -2/Research | Spotted Executioner 20896 | -2/Research | Build established: Wizard-Scout 20993 | -2/Research | Spotted Striker 20993 | -2/Research | Destroyed Striker 21039 | -2/Research | Destroyed Executioner 21042 | -2/Research | Spotted Striker 21049 | -2/Research | Found Prototype Device 21049 | -2/Research | Identified Adv. Kinecellerator 21146 | -2/Research | Destroyed Executioner 21149 | -2/Research | Spotted Striker 21154 | -2/Research | Destroyed Striker 21183 | -2/Research | Entered Testing 21195 | -2/Testing | Found Prototype Ballistic Gun 21196 | -2/Testing | Identified Hyp. Multirail 21198 | -2/Testing | Identified Subatomic Replicator 21198 | -2/Testing | Used Subatomic Replicator to replicate Hyp. Multirail 21255 | -2/Testing | Spotted PG-TZL4VIDIJ1 21260 | -2/Testing | Destroyed PG-TZL4VIDIJ1 21292 | -2/Testing | Found Prototype Energy Gun 21292 | -2/Testing | Identified Warp Gun 21310 | -2/Testing | Spotted Striker 21310 | -2/Testing | Spotted Striker 21315 | -2/Testing | Found Prototype Hackware 21315 | -2/Testing | Identified Ghost Barrier 21386 | -2/Testing | Fabricated Cld. Q-thruster (x1) 21443 | -2/Testing | Fabricated Cld. Q-thruster (x1) 21503 | -2/Testing | Fabricated Exp. Armor Integrity Analyzer (x1) 21746 | -2/Testing | Fabricated Exp. Weapon Cycler (x1) 21784 | -2/Testing | Local fabrication network quarantined 21794 | -2/Testing | Fabricated Exp. Hacking Suite (x1) 21880 | -2/Testing | Discovered new exit (range 5) 21880 | -2/Testing | Identified exit to Access 22054 | -2/Testing | Entered Access 22056 | -1/Access | Reached level 34 22416 | -1/Access | Energy Cycler disabled 22418 | -1/Access | Reached level 35 22429 | -1/Access | Fabricated Exp. Energy Well (x1) 22493 | -1/Access | Fabricated Enh. Gamma Bomb Array (x1) 22604 | -1/Access | Identified exit to Command 22647 | -1/Access | Fabricated Exp. Power Amplifier (x1) 22804 | -1/Access | First assault squad dispatched 22935 | -1/Access | Build established: Machinist-Scout 22964 | -1/Access | Entered Command 22993 | -1/Command | Phase Generator disabled 23086 | -1/Command | Reached level 36 23316 | -1/Command | Spotted B-99 Colossus 23354 | -1/Command | Spotted M Guard 23354 | -1/Command | Spotted M Guard 23354 | -1/Command | Spotted Combat Programmer 23388 | -1/Command | Destroyed Combat Programmer 23406 | -1/Command | Spotted Combat Programmer 23422 | -1/Command | Destroyed Combat Programmer 23441 | -1/Command | Destroyed M Guard 23444 | -1/Command | Destroyed M Guard 23444 | -1/Command | Destroyed all MAIN.C guards 23470 | -1/Command | Destroyed 8 combat bots 23473 | -1/Command | Disengaged cave seal 23488 | -1/Command | Core integrity fell below 50% 23528 | -1/Command | Disengaged cave seal 23528 | -1/Command | Derelicts emerged from the dark tunnel 23561 | -1/Command | Found Zero-point Reactor 23562 | -1/Command | Found Zero-point Reactor 23567 | -1/Command | Found Prototype Device 23567 | -1/Command | Identified AEGIS Remote Shield 23570 | -1/Command | Found AEGIS Remote Shield 23716 | -1/Command | Met MAIN.C 23719 | -1/Command | 0b10 Conduit disabled 23731 | -1/Command | Reached level 37 23731 | -1/Command | Allies destroyed MAIN.C Shell 23733 | -1/Command | MAIN.C activated Command garrisons 23746 | -1/Command | Allies destroyed MAIN.C 23831 | -1/Command | P-80 Master assimilated allied NM-M3P(b) 23925 | -1/Command | Reached level 38 23938 | -1/Command | System corruption reached 10% 24068 | -1/Command | Destroyed 42 combat bots 24069 | -1/Command | Spotted B-99 Colossus 24291 | -1/Command | Discovered new exit (range 15) 24300 | -1/Command | Spotted B-99 Colossus 24310 | -1/Command | Destroyed B-99 Colossus 24397 | -1/Command | Found Prototype Device 24397 | -1/Command | Identified Exp. Thermal Defense Suite 24407 | -1/Command | Identified exit to Surface 24417 | -1/Command | Identified Transdimensional Reconstructor 24417 | -1/Command | Warped through subspace to slip node 24417 | -1/Command | Discovered new exit (range 5) 24421 | -1/Command | Identified exit to Access_0 24429 | -1/Command | Entered Access_0 24429 | -1/Access_0 | Accompanied by 2 allies 24432 | -1/Access_0 | Met Architect 24435 | -1/Access_0 | Architect warped through subspace 24472 | -1/Access_0 | Architect warped through subspace 24514 | -1/Access_0 | Architect warped through subspace 24559 | -1/Access_0 | Architect warped through subspace 24569 | -1/Access_0 | Crushed by falling debris 24591 | -1/Access_0 | Architect warped through subspace 24593 | -1/Access_0 | Found Prototype Device 24593 | -1/Access_0 | Identified Desublimator 24604 | -1/Access_0 | A6 warped into view 24616 | -1/Access_0 | Subspace Access Node disabled 24627 | -1/Access_0 | Architect warped through subspace 24664 | -1/Access_0 | Architect warped through subspace 24721 | -1/Access_0 | Architect warped through subspace 24737 | -1/Access_0 | A5 warped into view 24764 | -1/Access_0 | Architect warped through subspace 24799 | -1/Access_0 | Architect warped through subspace 24828 | -1/Access_0 | Architect warped through subspace 24854 | -1/Access_0 | Architect warped through subspace 24867 | -1/Access_0 | Architect warped through subspace 24885 | -1/Access_0 | Subspace Access Node disabled 24898 | -1/Access_0 | Subspace Access Node disabled 24903 | -1/Access_0 | Architect warped through subspace 24918 | -1/Access_0 | A4 warped into view 24934 | -1/Access_0 | Architect warped through subspace 24972 | -1/Access_0 | Architect warped through subspace 25013 | -1/Access_0 | Architect warped through subspace 25042 | -1/Access_0 | Architect warped through subspace 25062 | -1/Access_0 | Architect warped through subspace 25084 | -1/Access_0 | Architect warped through subspace 25096 | -1/Access_0 | Subspace Access Node disabled 25138 | -1/Access_0 | Destroyed A5 25177 | -1/Access_0 | Destroyed A6 25222 | -1/Access_0 | Destroyed A8 25288 | -1/Access_0 | Destroyed A4 25300 | -1/Access_0 | Found Alien Artifact 25309 | -1/Access_0 | Destroyed 7 combat bots 25400 | -1/Access_0 | Destroyed A2 25401 | -1/Access_0 | Extracted Singularity Gate Test 138-C access codes from A2's data core 25461 | -1/Access_0 | A3 warped into view 25627 | -1/Access_0 | Destroyed A3 25800 | -1/Access_0 | Started Test 138-B, establishing a local singularity 25815 | -1/Access_0 | Architect ripped apart by the singularity 25815 | -1/Access_0 | Destroyed Architect 25816 | -1/Access_0 | Architect triggered a singularity event 25821 | -1/Access_0 | Identified Core Expander 25821 | -1/Access_0 | Installed Core Expander, added new Weapon slot 25822 | -1/Access_0 | Cogmind ripped apart by the singularity 25822 | -1/Access_0 | Core destroyed Last Messages --------------- 25816_ Enh. Optical Array ripped apart by the singularity. 25816_ Prototype Hover Unit ripped apart by the singularity. 25816_ Alien Artifact ripped apart by the singularity. 25816_ Prototype Hackware ripped apart by the singularity. 25816_ Architect Data Core ripped apart by the singularity. 25816_ Adv. Armor Integrity Analyzer ripped apart by the singularity. 25816_ Prototype Hackware ripped apart by the singularity. 25817_ A0_COM: 10. 25817_ Prototype Protection ripped apart by the singularity. 25817_ 323 Matter ripped apart by the singularity. 25817_ Prototype Hackware ripped apart by the singularity. 25818_ A0_COM: 9. 25818_ Gate Controls disabled. 25819_ A0_COM: 8. 25820_ A0_COM: 7. 25821_ A0_COM: 6. 25821_ Identified Core Expander. 25821_ Core Expander installed, core expanded with Weapon slot. 25822_ A0_COM: 5. 25822_ Cogmind ripped apart by the singularity. Map ----- +----------------------------------------------------+ | ???????????????####* #????? #### #?? | | ??????????????????# #???? ????? | | ??????????????????# ##### #????????? | | ?????????????????## #?????????? | | ??????????????#### ################ | | ????????????### | | ????????????" | | ??????????#"" ##############" | | ??????????#! #####?????????? | | ??????????#"" #?????????? | | ????????????""# ##### #?????????? | | ??????????????#### #???????????????? | | ?????????????????# ##???????????????? | | ????????????###### ######???????????? | | ????????????#""""" """""#???????????? | | ????????????##"""" """"##???????????? | | ????????????##" "##???????????? | | ????????????#"" ""#???????????? | | ????????????#"" ""#???????????? | | ????????????##" "##?##????????# | | ?????????????#" "#??# ??????? # | | ?????????????#" "#??# ??????# # | | ?????????????#" "#??# ?##### | | ????????????##" "##?# ?# | | ????????????#"" ""#?# ?# | | ????????????#"" @ ! ""#?# ?# | | ????????????##" !=! "#### ## | | ????????????##"""" !! ""## = | | ????????????#""""" """""## !% #? | | ????????????###### ######## !=! ###? | | ?????????????????# #??????#!!!*!##??? | | ?????????????????# #??????#!%!%##???? | | ?????????????????# #??????# ]=]##???? | | ?????????????????# #??????# = #??# | | ?????????????????# #??????# ##?? | | ?????????????????# #??????# #??? | | ?????????????????# #??????# ###??? | | ?????????????????# #??????# #????? | | ?????????????????# #??????# #????? | | ?????????????????# #?????## #????? | | ?????????????????# #????## ##???? | | ?????????????????# #????# #???? | | ?????????????????# #????## ##???# | | ?????????????????# #?????# ##???## | | ?????????????????# #?????# ##???# | | ?????????????????# #????## #??## | | ?????????????????# #???## #?## | | ?????????????????# #???# ###?# | | ?????????????????# ###?# ##??## | | ?????????????????# #?# ##### | +----------------------------------------------------+ Best States ------------- Heat Dissipation 141 Energy Generation 103 Energy Capacity 2380 Matter Stores 1300 Matter Capacity 1300 Sight Range 20 Robot Scan Range 20 Terrain Scan Density 10 Power Amplification 40 Weapon Cycling 30 Phase Shifting 20 Evasion (%) 99 Targeting Accuracy 24 Target Analysis 12 Armor Integrity Analysis 90 Offensive Hacking 66 Defensive Hacking 58 Item Schematics ----------------- Hacking Suite | -8/Materials | Hacked Imp. VTOL Module | -8/Materials | Scanalyzed Adv. Hacking Suite | -7/Factory | Hacked Cld. Plasma Cannon | -7/Factory | Scanalyzed Field Propulsion Drive | -7/Factory | Hacked System Shield | -7/Factory | Hacked Hyp. Gauss Rifle | -6/Proximity Caves | Hacked Imp. Target Analyzer | -6/Proximity Caves | Hacked Matter Compressor | -6/Factory | Hacked Hyp. Coil Gun | -6/Factory | Hacked Exp. Signal Interpreter | -6/Factory | Hacked Exp. Targeting Computer | -6/Factory | Hacked Adv. Energy Well | -6/Factory | Hacked Imp. Armor Integrity Analyzer | -6/Factory | Hacked Hyp. Railgun | -6/Factory | Scanalyzed Adv. Target Analyzer | -6/Factory | Hacked Adv. Armor Integrity Analyzer | -6/Factory | Hacked Spear | -6/Lower Caves | Hacked Combat Drone Bay | -6/Data Miner | Free Lgt. Regenerative Plating | -6/Data Miner | Free Exp. Flexi-carbon Leg | -6/Data Miner | Free Exp. Cesium-ion Thruster | -6/Data Miner | Free Tactical Coordination Suite | -6/Data Miner | Free Exp. Transmission Jammer | -6/Data Miner | Free Exp. ECM Suite | -6/Data Miner | Free Cloaking Device | -6/Data Miner | Free Mni. Smartbomb Launcher | -6/Data Miner | Free Plasma Sword | -6/Data Miner | Free Adv. System Shield | -5/Factory | Hacked Enh. Force Lance | -5/Factory | Hacked Cld. Nuclear Pulse Thruster | -5/Factory | Hacked Cld. Field Propulsion Drive | -5/Factory | Hacked Exp. Hacking Suite | -5/Factory | Hacked Exp. System Shield | -5/Factory | Hacked Mni. Fusion Reactor | -5/Factory | Hacked Adv. Weapon Cycler | -5/Factory | Hacked Adv. Cooling System | -5/Factory | Hacked Plasma Lance | -4/Factory | Scanalyzed Exp. Cooling System | -4/Factory | Hacked Exp. Matter Compressor | -4/Factory | Hacked Cld. Q-thruster | -3/Research | Hacked Exp. Weapon Cycler | -3/Research | Hacked Exp. Force Field | -3/Quarantine | Hacked Exp. Armor Integrity Analyzer | -2/Research | Hacked Enh. Nova Cannon | -2/Testing | Hacked Helical Railgun | -1/Access | Hacked Exp. Energy Well | -1/Access | Hacked Exp. Power Amplifier | -1/Access | Hacked Enh. Gamma Bomb Array | -1/Access | Hacked Zero-point Reactor | -1/Access | Hacked Robot Schematics ------------------ S-27 Virus | -6/Data Miner | Free G-50 Soldier | -6/Data Miner | Free L-41 Fighter | -6/Data Miner | Free H-66 Slayer | -6/Data Miner | Free P-70 Sage | -6/Data Miner | Free I-36 Angel | -6/Data Miner | Free I-47 Archangel | -6/Data Miner | Free Fabricated ------------ Adv. Hacking Suite | x1 | -7/Factory Adv. Hacking Suite | x1 | -7/Factory Adv. Hacking Suite | x1 | -7/Factory Adv. Hacking Suite | x1 | -7/Factory Field Propulsion Drive | x2 | -7/Factory Cld. Plasma Cannon | x1 | -7/Factory Cld. Plasma Cannon | x1 | -7/Factory Field Propulsion Drive | x2 | -7/Factory Hyp. Coil Gun | x2 | -6/Factory Hyp. Coil Gun | x2 | -6/Factory Imp. Target Analyzer | x1 | -6/Factory Exp. Signal Interpreter | x1 | -6/Factory Exp. Targeting Computer | x1 | -6/Factory Exp. Targeting Computer | x1 | -6/Factory Hyp. Railgun | x2 | -6/Factory Hyp. Railgun | x2 | -6/Factory Adv. Target Analyzer | x1 | -6/Factory Adv. Armor Integrity Analyzer | x1 | -6/Factory Cld. Nuclear Pulse Thruster | x1 | -5/Factory Cld. Nuclear Pulse Thruster | x1 | -5/Factory Cld. Nuclear Pulse Thruster | x1 | -5/Factory Cld. Nuclear Pulse Thruster | x1 | -5/Factory Adv. System Shield | x1 | -5/Factory Adv. System Shield | x1 | -5/Factory Cld. Field Propulsion Drive | x1 | -4/Factory Cld. Field Propulsion Drive | x1 | -4/Factory Exp. System Shield | x1 | -4/Factory Exp. System Shield | x1 | -4/Factory Adv. Weapon Cycler | x2 | -4/Factory Exp. System Shield | x1 | -4/Factory Exp. System Shield | x1 | -4/Factory Exp. Cooling System | x1 | -4/Factory Exp. Hacking Suite | x1 | -4/Factory Cld. Q-thruster | x1 | -3/Research Cld. Q-thruster | x1 | -3/Research Cld. Q-thruster | x1 | -2/Testing Cld. Q-thruster | x1 | -2/Testing Exp. Armor Integrity Analyzer | x1 | -2/Testing Exp. Weapon Cycler | x1 | -2/Testing Exp. Hacking Suite | x1 | -2/Testing Exp. Energy Well | x1 | -1/Access Enh. Gamma Bomb Array | x1 | -1/Access Exp. Power Amplifier | x1 | -1/Access Alien Tech Used ----------------- Core Stripper Integrated Heat Negator Integrity Redistributor Integrated Dissipator LRC Armor Subatomic Replicator Transdimensional Reconstructor Core Expander Achievements -------------- Deadly Force Challenges ------------ None RPGLIKE | -11 -10 -10 -10 -9 -8 -8 -7 -7 -7 -7 -7 -7 -7 -6 -6 -6 -6 -6 -6 -6 -5 -5 -5 -5 -5 -5 -5 -4 -4 -4 -4 -4 -4 -4 -4 -3 -3 -3 -2 -2 -1 -1 -1 --------- Run | Scr Mat Min Exi Min Mat Sto Fac Was Fac Low Low Zio Dee Pro Fac Was Fac Low Low Dat Pro Fac Was Fac Upp Upp War Pro Fac Was Fac Ext Cet Arc Hub Res Qua Sec Res Tes Acc Com Ac0 Levels Raised 37 | . 1 1 . 1 5 3 1 . 2 . 1 . . 2 1 . . 1 . . 1 2 . . . 1 . 1 1 . 1 . 1 . . 1 1 1 2 . 2 3 . XP Earned 59881 | 3000 2220 1375 200 1973 6979 3866 2326 200 2200 556 818 220 342 2289 1704 67 1038 787 406 152 1677 1749 46 705 397 418 1074 605 1793 46 952 933 555 171 784 1694 802 907 3196 733 2653 4050 1223 XP Spent 58375 | 2600 1600 1550 . 1700 5610 5570 1200 . 2600 . 2900 . . 1100 3200 . 300 1065 . . . 4600 . . . . . . 3800 . . . 4100 . . 240 2750 . 4400 . 2600 2550 2340 Upgrades 72 | 6 4 2 . 3 15 6 3 . 1 . 1 . . 1 1 . 1 4 . . . 2 . . . . . . 1 . . . 1 . . 4 2 . 1 . 4 4 5 Power Slot 1 | . . . . . . . 1 . . . . . . . . . . . . . . . . . . . . . . . . . . . . . . . . . . . . Propulsion Slot 3 | 1 . 1 . . . . . . . . . . . . . . . . . . . 1 . . . . . . . . . . . . . . . . . . . . . Utility Slot 14 | 2 . . . 1 2 2 . . 1 . 1 . . . 1 . . . . . . 1 . . . . . . 1 . . . 1 . . . . . 1 . . . . Weapon Slot 3 | 1 1 . . . . . . . . . . . . 1 . . . . . . . . . . . . . . . . . . . . . . . . . . . . . Core Integrity 6 | . . . . . 2 . . . . . . . . . . . . . . . . . . . . . . . . . . . . . . 4 . . . . . . . Heat Dissipation 6 | 1 . . . . . 1 . . . . . . . . . . . 1 . . . . . . . . . . . . . . . . . . . . . . . . 3 Energy Generation 4 | . . . . . . . . . . . . . . . . . . 1 . . . . . . . . . . . . . . . . . . . . . . . 2 1 Mass Support 9 | . 2 . . . . . . . . . . . . . . . 1 1 . . . . . . . . . . . . . . . . . . . . . . 4 . 1 Inventory Capacity 6 | 1 1 1 . . 1 . . . . . . . . . . . . . . . . . . . . . . . . . . . . . . . 2 . . . . . . Sight Range 4 | . . . . . 1 1 . . . . . . . . . . . . . . . . . . . . . . . . . . . . . . . . . . . 2 . Sensor Range 10 | . . . . . 9 . . . . . . . . . . . . 1 . . . . . . . . . . . . . . . . . . . . . . . . . Ranged Accuracy 2 | . . . . . . 2 . . . . . . . . . . . . . . . . . . . . . . . . . . . . . . . . . . . . . Hack Attack % 2 | . . . . 2 . . . . . . . . . . . . . . . . . . . . . . . . . . . . . . . . . . . . . . . Hack Defense % 2 | . . . . . . . 2 . . . . . . . . . . . . . . . . . . . . . . . . . . . . . . . . . . . . Protomatter Created 19615 | . 222 34 . 178 510 552 113 165 . . 315 370 169 316 129 . 78 201 116 388 210 548 100 267 152 289 1027 54 786 295 722 578 212 241 385 894 478 689 2240 656 954 1868 2114 Integrity Restored 16442 | . 514 89 . 480 987 847 44 140 . . 777 527 378 411 120 . 42 97 58 . 100 834 51 41 171 371 262 66 625 157 691 539 252 80 93 979 441 516 901 117 270 1450 1924 Core 12636 | . 430 75 . 360 779 704 39 . . . 777 305 292 335 90 . 32 76 50 . 80 669 . 32 140 297 208 52 531 63 461 433 162 62 73 786 352 418 657 97 223 1025 1471 Parts 3806 | . 84 14 . 120 208 143 5 140 . . . 222 86 76 30 . 10 21 8 . 20 165 51 9 31 74 54 14 94 94 230 106 90 18 20 193 89 98 244 20 47 425 453 Protomatter Decayed 29412 | . 34 21 . 122 149 311 32 100 . . 59 186 38 281 110 97 63 207 126 . 164 163 194 190 94 102 544 30 494 44 438 916 163 311 352 3592 291 509 6079 686 843 9908 1369 Game ------ Seed ElectronArmoredCasing Manual? 0 Play Time 06:19:28 Cumulative 970.1 hours Start 2019.12.14 @ 20:06:20 End 2019.12.15 @ 13:27:24 Sessions 3 Manual Loads 0 Difficulty Rogue Special Mode Winter2019/RPGLIKE Game No. 305 Rogue 305 Adventurer 0 Explorer 0 Win Type - Total 69 Types 14/6/32/2/1/2/12 Lore% 96 Gallery% 95 Achievement% 81 Wizard Run 0 Options --------- ASCII 0 Keyboard 0 Movement Numpad Keybinds 0 Fullscreen 1 Font 18/SmallcapsGlow Map View 76x50 Tactical HUD 1 Map Filters NONE Filters NONE Steam 1 RUN: 32f5cd43-e72f-414e-8529-fa0031df3dd8